 Dungeon Crawl Stone Soup version 0.31-a0-221-gbddc013574 (webtiles) character file.

Game seed: 12205102212113149758

432294 qw the Slayer (level 23, -3/162 HPs)
             Began as a Gargoyle Fighter on July 3, 2023.
             Was a High Priest of Okawaru.
             Killed from afar by a hell knight (24 damage)
             ... with a bolt of fire
             ... on level 5 of the Vaults.
             The game lasted 00:27:25 (44982 turns).

qw the Slayer (Gargoyle Fighter)                   Turns: 44982, Time: 00:27:26

Health: -3/162     AC: 68    Str: 36    XL:     23   Next: 94%
Magic:  30/30      EV: 15    Int: 12    God:    Okawaru [*****.]
Gold:   674        SH: 30    Dex: 12    Spells: 22/22 levels left

rFire   . . .        y - +8 broad axe of Oradgh {heavy, Int+2}
rCold   . . .        v - +2 tower shield {AC+3}
rNeg    + . .        r - +9 plate armour of Pelac {Dex+3}
rPois   inf          p - +2 helmet
rElec   +            D - +2 cloak {rCorr}
rCorr   +            G - +2 pair of gloves
SInv    .            A - +2 pair of boots {Fly}
Will    +....        s - amulet of faith Stlth
                     e - +6 ring of strength
HPRegen 0.47/turn    t - +4 ring of slaying {mikee}
MPRegen 0.22/turn

%: faith
@: about to teleport, heroic, finesse-ful, flying
A: sickness immunity, AC +17, big wings, negative energy resistance 1,
electricity resistance, torment resistance 1, petrification resistance, large
bone plates 1
}: 2/15 runes: serpentine, barnacled
a: Renounce Religion, Heroism, Finesse, Duel


You were on level 5 of the Vaults.
You worshipped Okawaru.
Okawaru was extremely pleased with you.
You visited 8 branches of the dungeon, and saw 40 of its levels.
You also visited: Sewer.

You collected 4413 gold pieces.
You spent 3739 gold pieces at shops.


Innate Abilities, Weirdness & Mutations

You are immune to sickness and miasma.
Your stone body is resilient. (AC +17)
You are immune to poison.
Your large and strong wings let you fly.
You resist negative energy. (rN+)
You are resistant to electric shocks. (rElec)
You are resistant to unholy torment.
You are immune to petrification.
You are partially covered in large bone plates. (SH +4)


   Skills:
 - Level 22.0(27) Fighting
 - Level 18.0(23.0) Axes
 - Level 11.0(16.0) Throwing
 + Level 21.0(26.0) Armour
 - Level 9.1(14.1) Dodging
 - Level 21.5(26.5) Shields
 - Level 10.0 Invocations


You had 22 spell levels left.
You didn't know any spells.
Your spell library was empty.

Inventory:

Hand Weapons
 k - a +2 broad axe of flaming
 y - the +8 broad axe of Oradgh (weapon) {heavy, Int+2}
   (You acquired it on level 9 of the Dungeon)

   Int:       It affects your intelligence (+2).
Missiles
 l - 32 boomerangs
 z - 12 javelins (quivered)
Armour
 i - the +3 chain mail of Responsibility {Contam rF+ Str+7}
   (You took it off a spriggan on level 2 of the Depths)

   Str:       It affects your strength (+7).
   rF:        It protects you from fire.
   Contam:    It causes magical contamination when unequipped.
 p - a +2 helmet (worn)
 r - the +9 plate armour of Pelac (worn) {Dex+3}
   (Okawaru gifted it to you on level 10 of the Dungeon)

   Dex:       It affects your dexterity (+3).
 v - a +2 tower shield of protection (worn)
 A - a +2 pair of boots of flying (worn)
 D - a +2 cloak of preservation (worn)
 G - a +2 pair of gloves (worn)
 H - +0 gold dragon scales
Jewellery
 e - a +6 ring of strength (left hand)
 s - an amulet of faith (around neck)
 t - a +4 ring of slaying (right hand) {mikee}
 B - an amulet of reflection
 C - a ring of fire
 F - a ring of ice
 I - a ring of protection from cold
Wands
 x - a wand of digging (11)
Scrolls
 c - 37 scrolls of identify
 m - 10 scrolls of teleportation
 u - a scroll of brand weapon
 E - 4 scrolls of enchant weapon
 J - 4 scrolls of enchant armour
Potions
 a - 10 potions of enlightenment
 b - 9 potions of attraction
 d - 12 potions of might
 f - 8 potions of lignification
 g - 7 potions of cancellation
 h - 6 potions of haste
 j - 15 potions of curing
 n - 5 potions of magic
 o - 5 potions of resistance
 w - 10 potions of mutation

Dungeon Overview and Level Annotations

Branches:
Dungeon (15/15)            Temple (1/1) D:5            Lair (5/5) D:9
 Shoals (4/4) Lair:2        Snake (4/4) Lair:3        Slime (0/5) Lair:4
    Orc (2/2) D:11            Elf (0/3) Orc:2        Vaults (5/5) D:14
  Crypt (0/3) Vaults:3     Depths (4/4) D:15            Zot (0/5) Depths:4
  Sewer (visited)

Altars:
Ashenzari
Cheibriados
Dithmenos
Elyvilon
Fedhas
Gozag
Hepliaklqana
Kikubaaqudgha
Makhleb
Nemelex Xobeh
Okawaru
Qazlal
Ru
Sif Muna
Trog
Uskayaw
Vehumet
Wu Jian
Xom
Yredelemnul
Zin
The Shining One

Shops:
D:4 [   D:14 :   Orc:2 **[*:=[(*   Snake:3 =!   Snake:4 !(!

Portals:
Hell: Depths:1 Depths:2 Depths:4
Abyss: Depths:2 Depths:3 Depths:4
Pandemonium: Depths:2
Ziggurat: Depths:1

Annotations:
D:13 1 runed translucent door
Lair:4 1 runed translucent door, qw's ghost, journeyman GrFi
Snake:3 2 transporters, qw's ghost, adept GrHs
Orc:1 exclusion: 7 orc knights
Depths:2 3 runed translucent doors, qw's ghost, adept MiHs; qw's ghost, veteran GrFi
Depths:4 6 runed translucent doors


Message History

44975 ||| READING 12 scrolls of teleportation.
As you read the scroll of teleportation, it crumbles to dust.
You feel strangely unstable. The shadow dragon closely misses you.
You block the shadow dragon's attack. x2
You slash the shadow dragon!
The shadow dragon is lightly wounded.
You block the shadow dragon's attack. x2
The shadow dragon claws you but does no damage.
You slash the shadow dragon!
The shadow dragon is lightly wounded.
You open the shadow dragon like a pillowcase!!!
The shadow dragon is severely wounded.
You hear a deafening roar!
You hear two shouts!
An ettin comes into view. It is wielding two +0 dire flails.
You block the shadow dragon's attack. The shadow dragon misses you.
You block the shadow dragon's attack.
You hear a shout!
You closely miss the shadow dragon.
The shadow dragon is severely wounded.
You slice the golden dragon!!
Your surroundings suddenly seem different.
A queen bee and a hell knight come into view.
The hell knight is wielding a +0 heavy war axe.
Found 35 gold pieces.
The queen bee buzzes angrily.
A war gargoyle comes into view. It is wielding a +0 dire flail.
44980 ||| READING 11 scrolls of teleportation.
As you read the scroll of teleportation, it crumbles to dust.
You feel strangely unstable.
The hell knight invokes the aid of its god against you.
The bolt of fire hits you but does no damage.
A wolf spider comes into view.
The queen bee changes into a hog!
The hell knight utters an invocation to its god.
The hell knight seems to speed up.
You slice the war gargoyle!!
The war gargoyle is severely damaged.
The hell knight invokes the aid of its god against you.
The bolt of fire hits you!!
You die...

#...# ....#
....# ....#
....# h...#
### ##9...#
.$...##@....#
.........#..#
. ...#....##
# . #....# #
###... . ....
. .p#### ..
...


You could see a hell knight (fast), a war gargoyle and a hog shaped shifter.

Vanquished Creatures
  Bai Suzhen (Depths:2)
  Saint Roka (Snake:3)
  Nikola (Depths:2)
  11 caustic shrikes
  4 golden dragons
  Jory (Vaults:4)
  A bone dragon (Depths:4)
  Jorgrun (Orc:2)
  2 liches (Depths:3)
  A tentacled monstrosity (Depths:3)
  A walking divine tome (Depths:3)
  4 shadow dragons
  Agnes (D:15)
  A kraken (Shoals:1)
  A sphinx (Depths:2)
  2 storm dragons (Depths:4)
  5 tengu reavers
  A shadow dragon (shapeshifter) (Depths:4)
  14 frost giants
  2 draconian knights (Depths:4)
  8 nagarajas (Snake:4)
  3 fire giants
  A balrug (Depths:2)
  2 iron dragons
  A draconian shifter (Depths:4)
  8 vault wardens
  17 ironbound preservers
  8 very ugly things
  5 orc warlords
  5 ironbound thunderhulks
  4 war gargoyles
  15 stone giants
  4 formless jellyfish
  4 vampire knights
  2 green draconians (Depths:4)
  2 purple draconians (Depths:4)
  5 red draconians (Depths:4)
  2 white draconians (Depths:4)
  A deep elf annihilator (Vaults:3)
  2 yellow draconians (Depths:4)
  Azrael (Snake:3)
  5 spark wasps
  3 black draconians (Depths:4)
  16 dire elephants
  Josephine (Lair:3)
  5 ettins
  4 merfolk javelineers
  Snorg (Orc:2)
  A crystal guardian (Vaults:2)
  9 yaktaur captains
  5 fire dragons
  9 merfolk impalers
  2 entropy weavers
  2 rakshasas
  Fannar (Lair:3)
  6 great orbs of eyes
  A deep elf high priest (Vaults:5)
  7 ice dragons
  A salamander tyrant (Snake:2)
  2 hydras
  A quicksilver dragon skeleton (Vaults:4)
  Harold (D:11)
  4 spriggan air magi
  28 vault guards
  3 peacekeepers (Vaults:2)
  2 catoblepae
  A spriggan skeleton (Depths:1)
  6 ironbound frosthearts
  An alligator snapping turtle (Shoals:3)
  18 anacondas
  18 centaur warriors
  3 satyrs
  5 boulder beetles
  3 merfolk avatars
  3 two-headed ogres
  A two-headed ogre (shapeshifter) (Depths:1)
  4 tengu warriors
  10 merfolk aquamancers (Shoals:4)
  14 naga warriors
  8 death yaks
  4 deep troll shamans
  5 deep troll earth magi
  An orc high priest (Orc:2)
  A vampire mage (Depths:2)
  16 naga sharpshooters
  9 shock serpents
  16 hell knights
  3 spriggan berserkers
  3 spriggans (Depths:2)
  A deep elf knight (D:14)
  2 sun demons (Depths:2)
  A soul eater (Depths:2)
  Nergalle (Orc:1)
  3 iron trolls
  A shadow wraith (Vaults:5)
  6 skysharks
  A titan skeleton (Depths:2)
  A sixfirhy (Depths:2)
  4 salamander mystics
  10 skeletal warriors
  11 sea snakes
  2 storm dragon skeletons
  2 spark wasp zombies
  3 spectral anacondas (Snake:2)
  A death drake (shapeshifter) (Vaults:5)
  37 deep trolls
  6 glowing orange brains
  A deep troll (shapeshifter) (Vaults:5)
  9 naga ritualists
  19 ironbound convokers
  3 flayed ghosts
  7 necromancers
  4 phantasmal warriors
  3 wizards
  A golden dragon skeleton (Depths:2)
  12 deep elf pyromancers
  6 deep elf zephyrmancers (D:14)
  11 lindwurms
  3 deep elf archers (D:14)
  A human zombie (Vaults:2)
  20 harpies
  A wolf spider (D:13)
  23 ugly things
  13 mana vipers
  4 orc sorcerers
  A fire giant zombie (Depths:3)
  13 orc knights
  A wolf spider (shapeshifter) (Depths:1)
  A sphinx skeleton (Vaults:3)
  14 manticores
  A cyclops (shapeshifter) (Vaults:5)
  15 fauns
  A tengu skeleton (Vaults:3)
  11 cyclopes
  15 salamanders
  8 human skeletons
  A stone giant skeleton (Vaults:3)
  23 vault sentinels
  Maurice (D:9)
  28 elephants
  6 merfolk sirens
  46 black mambas
  8 guardian serpents
  18 naga magi
  A fire giant skeleton (Depths:1)
  5 water nymphs
  An ice statue (D:12)
  2 torpor snails
  An elf skeleton (Vaults:3)
  10 komodo dragons
  2 gargoyles
  5 rime drakes
  2 spectral sea snakes (Snake:2)
  13 cane toads
  3 freezing wraiths
  2 kobold demonologists (D:14)
  2 efreet
  20 yaktaurs
  A golden dragon simulacrum (Depths:2)
  3 meliai (D:14)
  22 merfolk
  A red devil (Depths:2)
  A hellwing (Depths:2)
  8 trolls
  5 polar bears
  5 wind drakes
  A spectral guardian serpent (Snake:2)
  A tarantella (Vaults:4)
  5 hornets
  A spriggan zombie (Depths:1)
  24 blink frogs
  15 dream sheep
  A frost giant simulacrum (Depths:3)
  6 snapping turtles
  A shadow (D:12)
  4 guardian serpent skeletons (Snake:2)
  40 slime creatures
  An ettin skeleton (Vaults:3)
  14 water elementals
  3 fire elementals (Snake:3)
  6 basilisks
  8 wraiths
  7 wyverns
  52 yaks
  2 steam dragons
  4 sea snake simulacra (Snake:2)
  2 redbacks (Vaults:4)
  A spriggan simulacrum (Depths:2)
  12 vampire mosquitoes
  4 wargs
  A glowing shapeshifter zombie (Depths:3)
  An ogre zombie (Vaults:4)
  48 nagas
  A human simulacrum (Vaults:2)
  3 hell hounds (Snake:3)
  19 water moccasins
  A naga skeleton (Snake:2)
  A guardian serpent simulacrum (Snake:2)
  A sky beast (D:6)
  14 ice beasts (D:12)
  36 orc warriors
  5 ogres
  2 black bears
  12 wolves
  24 centaurs
  4 kobold brigands
  10 bullfrogs
  3 gnoll sergeants
  2 scorpions
  3 naga simulacra (Snake:2)
  5 wights (D:8)
  8 killer bees (D:10)
  A spectral naga (Snake:2)
  3 howler monkeys
  8 electric eels
  2 hounds
  2 jellies
  3 gnoll boudas
  20 orc priests
  4 iguanas
  Jessica (D:2)
  2 sleepcaps
  13 orc wizards
  4 hell rats (Lair:3)
  A mummy (D:4)
  24 gnolls
  8 river rats (Sewer)
  8 adders
  An ufetubus (D:4)
  A worm (D:3)
  2 dart slugs
  81 orcs
  7 ball pythons
  6 bats
  7 endoplasms
  2 giant cockroaches
  5 goblins
  3 hobgoblins
  6 jackals
  3 quokkas
  3 frilled lizards
  22 kobolds
  19 rats
  3 tentacles (Shoals:1)
1684 creatures vanquished.

Vanquished Creatures (others)
  A vault guard (D:14)
  A spriggan air mage (Depths:2)
  A hell knight (Depths:2)
  A glowing orange brain (shapeshifter) (Vaults:5)
  A blink frog (Lair:5)
  An electric eel (D:12)
  A tentacle (Shoals:1)
7 creatures vanquished.

Grand Total: 1691 creatures vanquished

Notes
Turn   | Place    | Note
-------+----------+-------------------------------------------
     0 | D:1      | qw the Gargoyle Fighter began the quest for the Orb.
     0 | D:1      | Reached XP level 1. HP: 14/14 MP: 1/1
     0 | D:1      | 0 ||| qw: Version: 0.3-a-40-ge99b1a8
     0 | D:1      | 0 ||| qw: Game counter: 529
     0 | D:1      | 0 ||| qw: Melee chars always use a shield: true
     0 | D:1      | 0 ||| qw: God list: Okawaru
     0 | D:1      | 0 ||| qw: Allow faded altars: false
     0 | D:1      | 0 ||| qw: Do Orc after clearing Dungeon:15 true
     0 | D:1      | 0 ||| qw: Do second Lair branch before Depths: true
     0 | D:1      | 0 ||| qw: Lair rune preference: random
     0 | D:1      | 0 ||| qw: Goals: Normal, Zot:1-4, Slime:5, God:TSO, Crypt,
                  | Tomb, Abyss, Pan, Hells, Win
     0 | D:1      | 0 ||| PLANNING D:1-11
   142 | D:1      | 142 ||| Stepping ~*~*~tactically~*~*~ (hiding).
   234 | D:1      | Reached XP level 2. HP: 19/19 MP: 2/2
   346 | D:1      | 346 ||| READING scroll labelled VEAMOY ETHYKAL.
   347 | D:1      | 347 ||| READING scroll labelled JEHEWA GEIN.
   384 | D:2      | Found a shadowy altar of Dithmenos.
   600 | D:2      | 600 ||| Stepping ~*~*~tactically~*~*~ (stealth).
   601 | D:2      | 601 ||| Stepping ~*~*~tactically~*~*~ (stealth).
   677 | D:2      | Reached skill level 3 in Axes
   741 | D:2      | Noticed Jessica
   742 | D:2      | 742 ||| Stepping ~*~*~tactically~*~*~ (hiding).
   750 | D:2      | Killed Jessica
   751 | D:2      | Reached XP level 3. HP: 13/23 MP: 3/3
  1088 | D:2      | Reached XP level 4. HP: 28/28 MP: 4/4
  1125 | D:2      | 1125 ||| UPGRADING to +0 tower shield.
  1135 | D:2      | 1135 ||| DROPPING +0 buckler.
  1136 | D:2      | 1136 ||| READING scroll labelled IFUTWO WAR ZINTIE.
  1137 | D:2      | 1137 ||| READING scroll labelled EDARPH LOOCLOSS.
  1138 | D:2      | 1138 ||| READING scroll labelled JUPUAR NIMO.
  1139 | D:2      | 1139 ||| READING 3 scrolls labelled XEKLAY BOMOMN.
  1142 | D:2      | 1142 ||| DRINKING 2 murky silvery potions.
  1143 | D:2      | 1143 ||| DRINKING 3 glowing clear potions.
  1168 | D:3      | 1168 ||| PLANNING SEWER
  1202 | D:3      | Found a glowing drain.
  1204 | D:3      | 1204 ||| READING 3 scrolls of identify.
  1204 | D:3      | 1204 ||| IDENTIFYING fizzy purple potion
  1205 | D:3      | 1205 ||| READING 2 scrolls of identify.
  1205 | D:3      | 1205 ||| IDENTIFYING fuming purple potion
  1217 | D:3      | 1217 ||| Stepping ~*~*~tactically~*~*~ (water).
  1228 | Sewer    | Entered a sewer
  1357 | Sewer    | Noticed a kobold brigand
  1368 | Sewer    | Killed a kobold brigand
  1369 | Sewer    | Reached XP level 5. HP: 16/32 MP: 5/5
  1719 | Sewer    | Reached XP level 6. HP: 34/37 MP: 6/6
  1778 | Sewer    | 1778 ||| Stepping ~*~*~tactically~*~*~ (stealth).
  1779 | Sewer    | 1779 ||| Stepping ~*~*~tactically~*~*~ (stealth).
  1799 | Sewer    | Reached skill level 6 in Shields
  1819 | Sewer    | 1819 ||| DROPPING +0 club.
  1908 | Sewer    | 1908 ||| READING 3 scrolls of identify.
  1908 | Sewer    | 1908 ||| IDENTIFYING fuming clear potion
  1909 | Sewer    | 1909 ||| READING 2 scrolls of identify.
  1909 | Sewer    | 1909 ||| IDENTIFYING bubbling coppery potion
  1910 | Sewer    | 1910 ||| DROPPING potion of brilliance.
  1929 | D:3      | 1929 ||| PLANNING D:1-11
  1946 | D:3      | 1946 ||| Stepping ~*~*~tactically~*~*~ (water).
  1969 | D:3      | You fall into a shaft and drop 3 floors!
  1971 | D:6      | 1971 ||| UPGRADING to +0 chain mail.
  1981 | D:6      | 1981 ||| DROPPING +0 scale mail.
  1982 | D:6      | 1982 ||| READING scroll labelled KYQUINL REETO.
  1988 | D:5      | Entered Level 5 of the Dungeon
  2089 | D:5      | Found a staircase to the Ecumenical Temple.
  2090 | D:5      | 2090 ||| PLANNING TEMPLE
  2129 | D:5      | 2129 ||| READING 2 scrolls of identify.
  2129 | D:5      | 2129 ||| IDENTIFYING bubbling inky potion
  2147 | Temple   | Entered the Ecumenical Temple
  2392 | Temple   | 2392 ||| PLANNING D:1-11
  2427 | D:5      | 2427 ||| Stepping ~*~*~tactically~*~*~ (hiding).
  2429 | D:5      | 2429 ||| Stepping ~*~*~tactically~*~*~ (hiding).
  2436 | D:5      | Reached XP level 7. HP: 35/41 MP: 7/7
  2470 | D:4      | 2470 ||| PLANNING OSSUARY
  2557 | D:4      | HP: 10/41 [gnoll/+0 flail[a gnoll bouda] (1)]
  2558 | D:4      | 2558 ||| READING 3 scrolls of teleportation.
  2559 | D:4      | 2559 ||| DRINKING 3 potions of heal wounds.
  2845 | D:4      | 2845 ||| Stepping ~*~*~tactically~*~*~ (stealth).
  2879 | D:4      | 2879 ||| FLEEEEING.
  2880 | D:4      | 2880 ||| Stepping ~*~*~tactically~*~*~ (stealth).
  2944 | D:4      | Found Nelaent's Armour Shoppe.
  2949 | D:4      | 2949 ||| SHOPLISTING +0 pearl dragon scales "Veotaa" {rC+
                  | rN+ Str+3} (1480 gold, have 137).
  3065 | D:4      | 3065 ||| RIP OSSUARY
  3068 | D:4      | 3068 ||| PLANNING D:1-11
  3068 | D:4      | 3068 ||| FLEEEEING.
  3071 | D:4      | 3071 ||| FLEEEEING.
  3072 | D:4      | 3072 ||| FLEEEEING.
  3073 | D:4      | 3073 ||| FLEEEEING.
  3074 | D:4      | 3074 ||| FLEEEEING.
  3075 | D:4      | 3075 ||| FLEEEEING.
  3076 | D:4      | 3076 ||| FLEEEEING.
  3077 | D:4      | 3077 ||| FLEEEEING.
  3078 | D:4      | 3078 ||| FLEEEEING.
  3079 | D:4      | 3079 ||| FLEEEEING.
  3082 | D:4      | 3082 ||| FLEEEEING.
  3083 | D:4      | 3083 ||| FLEEEEING.
  3084 | D:4      | 3084 ||| FLEEEEING.
  3085 | D:4      | 3085 ||| FLEEEEING.
  3086 | D:4      | 3086 ||| FLEEEEING.
  3087 | D:4      | 3087 ||| FLEEEEING.
  3089 | D:4      | 3089 ||| FLEEEEING.
  3090 | D:4      | 3090 ||| FLEEEEING.
  3091 | D:4      | 3091 ||| FLEEEEING.
  3092 | D:4      | 3092 ||| FLEEEEING.
  3093 | D:4      | 3093 ||| FLEEEEING.
  3095 | D:4      | 3095 ||| FLEEEEING.
  3096 | D:4      | 3096 ||| FLEEEEING.
  3099 | D:4      | 3099 ||| FLEEEEING.
  3100 | D:4      | 3100 ||| FLEEEEING.
  3101 | D:4      | 3101 ||| FLEEEEING.
  3102 | D:4      | 3102 ||| FLEEEEING.
  3103 | D:4      | 3103 ||| FLEEEEING.
  3104 | D:4      | 3104 ||| FLEEEEING.
  3105 | D:4      | 3105 ||| FLEEEEING.
  3106 | D:4      | 3106 ||| FLEEEEING.
  3107 | D:4      | 3107 ||| FLEEEEING.
  3108 | D:4      | 3108 ||| FLEEEEING.
  3109 | D:4      | 3109 ||| FLEEEEING.
  3111 | D:4      | 3111 ||| FLEEEEING.
  3112 | D:4      | 3112 ||| FLEEEEING.
  3113 | D:4      | 3113 ||| FLEEEEING.
  3114 | D:4      | 3114 ||| STAIRDANCE
  3253 | D:3      | 3253 ||| Stepping ~*~*~tactically~*~*~ (hiding).
  3267 | D:3      | 3267 ||| FLEEEEING.
  3268 | D:3      | 3268 ||| FLEEEEING.
  3269 | D:3      | 3269 ||| FLEEEEING.
  3330 | D:3      | 3330 ||| DROPPING +0 whip.
  3364 | D:3      | 3364 ||| Stepping ~*~*~tactically~*~*~ (hiding).
  3609 | D:3      | Found a shimmering altar of Xom.
  3610 | D:3      | Found a shimmering altar of Xom.
  3610 | D:3      | Found a shimmering altar of Xom.
  3731 | D:3      | Found a shimmering blue altar of Sif Muna.
  4080 | D:3      | 4080 ||| UPGRADING to +0 helmet.
  4085 | D:3      | 4085 ||| READING scroll labelled ULADO LOWASCHA.
  4085 | D:3      | Identified a scroll of acquirement
  4085 | D:3      | 4085 ||| ACQUIRING +0 broad axe of electrocution
  4085 | D:3      | Acquired a +0 broad axe of electrocution
  4087 | D:3      | 4087 ||| SWAPPING to +0 broad axe of electrocution.
  4088 | D:3      | 4088 ||| DROPPING +1 war axe.
  4089 | D:3      | 4089 ||| DRINKING 2 fuming red potions.
  4089 | D:3      | Gained mutation: You are frail. (-10% HP) [potion of
                  | mutation]
  4089 | D:3      | Gained mutation: You are partially covered in iridescent
                  | scales. (AC +2) [potion of mutation]
  4090 | D:3      | 4090 ||| DRINKING potion of mutation.
  4090 | D:3      | Lost mutation: You are partially covered in iridescent
                  | scales. (AC +2) [potion of mutation]
  4090 | D:3      | Lost mutation: You are frail. (-10% HP) [potion of
                  | mutation]
  4090 | D:3      | Gained mutation: You are partially covered in large bone
                  | plates. (SH +4) [potion of mutation]
  4108 | D:3      | 4108 ||| READING 5 scrolls of identify.
  4108 | D:3      | 4108 ||| IDENTIFYING coppery potion
  4109 | D:3      | 4109 ||| READING 4 scrolls of identify.
  4109 | D:3      | 4109 ||| IDENTIFYING cyan potion
  4110 | D:3      | 4110 ||| DROPPING potion of berserk rage.
  4177 | D:4      | Found an iron altar of Okawaru.
  4178 | D:4      | 4178 ||| PLANNING OKAWARU WORSHIP
  4182 | D:4      | Became a worshipper of Warmaster Okawaru
  4183 | D:4      | 4183 ||| PLANNING D:1-11
  4446 | D:4      | Reached XP level 8. HP: 40/46 MP: 8/8
  4705 | D:4      | 4705 ||| UPGRADING to amulet of regeneration.
  4710 | D:4      | 4710 ||| UPGRADING to ring of willpower.
  4711 | D:4      | 4711 ||| READING scroll labelled JACIPEOWAUT.
  4749 | D:5      | Found a radiant altar of Vehumet.
  4777 | D:5      | 4777 ||| Stepping ~*~*~tactically~*~*~ (stealth).
  4778 | D:5      | 4778 ||| Stepping ~*~*~tactically~*~*~ (stealth).
  4782 | D:5      | 4782 ||| Stepping ~*~*~tactically~*~*~ (stealth).
  4790 | D:5      | 4790 ||| Stepping ~*~*~tactically~*~*~ (hiding).
  4979 | D:5      | Reached skill level 9 in Shields
  5139 | D:5      | 5139 ||| READING scroll of brand weapon.
  5139 | D:5      | 5139 ||| BRANDING +0 broad axe of freezing.
  5161 | D:5      | 5161 ||| Stepping ~*~*~tactically~*~*~ (hiding).
  5163 | D:5      | 5163 ||| Stepping ~*~*~tactically~*~*~ (hiding).
  5171 | D:5      | Reached skill level 4 in Fighting
  5332 | D:5      | Identified the +2 robe of Qadall {rElec rF+ rC+}
  5337 | D:5      | 5337 ||| READING scroll labelled WOVEFE NEIDUR.
  5381 | D:6      | Reached * piety under Okawaru
  5424 | D:6      | Reached skill level 1 in Invocations
  5438 | D:6      | 5438 ||| Stepping ~*~*~tactically~*~*~ (hiding).
  5439 | D:6      | 5439 ||| Stepping ~*~*~tactically~*~*~ (hiding).
  5440 | D:6      | 5440 ||| Stepping ~*~*~tactically~*~*~ (hiding).
  5444 | D:6      | 5444 ||| Stepping ~*~*~tactically~*~*~ (stealth).
  5445 | D:6      | 5445 ||| Stepping ~*~*~tactically~*~*~ (stealth).
  5446 | D:6      | 5446 ||| Stepping ~*~*~tactically~*~*~ (stealth).
  5449 | D:6      | 5449 ||| Stepping ~*~*~tactically~*~*~ (stealth).
  5460 | D:6      | 5460 ||| Stepping ~*~*~tactically~*~*~ (stealth).
  5461 | D:6      | 5461 ||| Stepping ~*~*~tactically~*~*~ (stealth).
  5462 | D:6      | 5462 ||| Stepping ~*~*~tactically~*~*~ (stealth).
  5465 | D:6      | 5465 ||| Stepping ~*~*~tactically~*~*~ (hiding).
  5467 | D:6      | 5467 ||| Stepping ~*~*~tactically~*~*~ (hiding).
  5471 | D:6      | 5471 ||| INVOKING Heroism.
  5477 | D:6      | Reached skill level 6 in Axes
  5537 | D:6      | 5537 ||| Stepping ~*~*~tactically~*~*~ (hiding).
  5558 | D:6      | Reached skill level 3 in Invocations
  5571 | D:6      | 5571 ||| INVOKING Heroism.
  5598 | D:6      | 5598 ||| READING scroll of enchant armour.
  5598 | D:6      | 5598 ||| ENCHANTING +0 helmet.
  5668 | D:6      | 5668 ||| Stepping ~*~*~tactically~*~*~ (hiding).
  5678 | D:6      | Reached XP level 9. HP: 52/52 MP: 11/11
  5713 | D:6      | 5713 ||| READING scroll of brand weapon.
  5713 | D:6      | 5713 ||| BRANDING +0 broad axe of draining.
  5714 | D:6      | 5714 ||| DROPPING +0 war axe.
  5820 | D:6      | Found a hazy altar of Hepliaklqana.
  5830 | D:6      | Reached skill level 1 in Dodging
  6043 | D:6      | 6043 ||| READING scroll labelled CEOGEO PIJU.
  6044 | D:6      | 6044 ||| READING scroll labelled YKUMEBL RO OGI.
  6045 | D:6      | 6045 ||| READING scroll labelled VUETUA FAGI.
  6146 | D:6      | 6146 ||| READING 6 scrolls of identify.
  6146 | D:6      | 6146 ||| IDENTIFYING emerald potion
  6147 | D:6      | 6147 ||| DROPPING potion of degeneration.
  6177 | D:7      | 6177 ||| STAIRDANCE
  6179 | D:6      | 6179 ||| INVOKING Heroism.
  6227 | D:7      | 6227 ||| INVOKING Heroism.
  6249 | D:7      | Identified the +5 dagger of Action {flame, Fragile rN+ MP+9
                  | Dex+3}
  6455 | D:7      | Found a hide-covered altar of Uskayaw.
  6455 | D:7      | Found a sacrificial altar of Ru.
  6655 | D:7      | 6655 ||| DRINKING 2 glowing cyan potions.
  6660 | D:8      | 6660 ||| INVOKING Heroism.
  6721 | D:8      | 6721 ||| INVOKING Heroism.
  6723 | D:8      | Reached skill level 1 in Throwing
  6727 | D:8      | HP: 8/52 [yak (9)]
  6728 | D:8      | 6728 ||| READING 6 scrolls of teleportation.
  6729 | D:8      | 6729 ||| DRINKING 2 potions of heal wounds.
  6730 | D:8      | Reached ** piety under Okawaru
  6731 | D:8      | Reached skill level 6 in Fighting
  6789 | D:8      | 6789 ||| Stepping ~*~*~tactically~*~*~ (hiding).
  6891 | D:8      | 6891 ||| Stepping ~*~*~tactically~*~*~ (hiding).
  6893 | D:8      | 6893 ||| Stepping ~*~*~tactically~*~*~ (hiding).
  6904 | D:8      | Reached XP level 10. HP: 57/60 MP: 13/13
  6949 | D:8      | 6949 ||| Stepping ~*~*~tactically~*~*~ (stealth).
  6950 | D:8      | 6950 ||| Stepping ~*~*~tactically~*~*~ (stealth).
  6958 | D:8      | 6958 ||| INVOKING Heroism.
  6968 | D:8      | Reached *** piety under Okawaru
  7042 | D:8      | 7042 ||| Stepping ~*~*~tactically~*~*~ (hiding).
  7190 | D:8      | 7190 ||| READING scroll labelled NATURIA XUBEA.
  7221 | D:9      | Noticed Maurice
  7231 | D:9      | Killed Maurice
  7244 | D:9      | 7244 ||| INVOKING Heroism.
  7267 | D:9      | Reached skill level 9 in Axes
  7271 | D:9      | 7271 ||| INVOKING Heroism.
  7306 | D:9      | Noticed a cyclops
  7307 | D:9      | 7307 ||| INVOKING Heroism.
  7309 | D:9      | Noticed a two-headed ogre
  7315 | D:9      | Killed a cyclops
  7319 | D:9      | Killed a two-headed ogre
  7320 | D:9      | Reached skill level 12 in Shields
  7395 | D:9      | Found a staircase to the Lair.
  7408 | D:9      | Found a basalt altar of Yredelemnul.
  7426 | D:9      | 7426 ||| READING scroll of acquirement.
  7426 | D:9      | 7426 ||| ACQUIRING +8 broad axe of Oradgh {heavy, Int+2}
  7426 | D:9      | Acquired the +8 broad axe of Oradgh {heavy, Int+2}
  7428 | D:9      | 7428 ||| SWAPPING to +8 broad axe of Oradgh {heavy, Int+2}.
  7434 | D:9      | Reached **** piety under Okawaru
  7600 | D:9      | Reached XP level 11. HP: 64/66 MP: 14/14
  7604 | D:9      | Identified the +6 hand axe "Lelaar" {venom, *Rage Fly Will-
                  | SInv}
  7747 | D:9      | 7747 ||| PLANNING LAIR
  7747 | D:9      | 7747 ||| UPGRADING to +0 cloak.
  7774 | Lair:1   | Entered Level 1 of the Lair of Beasts
  7785 | Lair:1   | 7785 ||| INVOKING Heroism.
  7797 | Lair:1   | Reached skill level 7 in Fighting
  7799 | Lair:1   | 7799 ||| INVOKING Heroism.
  7830 | Lair:1   | 7830 ||| INVOKING Heroism.
  7838 | Lair:1   | 7838 ||| Stepping ~*~*~tactically~*~*~ (water).
  7839 | Lair:1   | 7839 ||| Stepping ~*~*~tactically~*~*~ (water).
  7845 | Lair:1   | Reached skill level 6 in Invocations
  7849 | Lair:1   | 7849 ||| INVOKING Heroism.
  7857 | Lair:1   | Reached ***** piety under Okawaru
  7863 | Lair:1   | HP: 16/67 [blink frog (5)]
  7864 | Lair:1   | 7864 ||| READING 6 scrolls of teleportation.
  7864 | Lair:1   | HP: 5/67 [blink frog (12)]
  7865 | Lair:1   | 7865 ||| DRINKING 3 potions of heal wounds.
  7932 | Lair:1   | 7932 ||| INVOKING Heroism.
  7934 | Lair:1   | 7934 ||| Stepping ~*~*~tactically~*~*~ (hiding).
  7945 | Lair:1   | Reached XP level 12. HP: 58/72 MP: 18/18
  8026 | Lair:1   | Identified the +2 mace "Luedwa" {heavy, rN++ Str+2 Int-4
                  | Dex+2}
  8198 | Lair:1   | 8198 ||| INVOKING Heroism.
  8202 | Lair:1   | Received a gift from Okawaru
  8386 | Lair:1   | Reached skill level 9 in Invocations
  8387 | Lair:1   | Found a hazy altar of Hepliaklqana.
  8512 | Lair:1   | 8512 ||| Stepping ~*~*~tactically~*~*~ (stealth).
  8515 | Lair:1   | 8515 ||| Stepping ~*~*~tactically~*~*~ (stealth).
  8517 | Lair:1   | 8517 ||| Stepping ~*~*~tactically~*~*~ (stealth).
  8520 | Lair:1   | 8520 ||| Stepping ~*~*~tactically~*~*~ (stealth).
  8521 | Lair:1   | 8521 ||| Stepping ~*~*~tactically~*~*~ (stealth).
  8756 | Lair:1   | 8756 ||| READING 2 scrolls labelled ZAF FUOWUH.
  8757 | Lair:1   | 8757 ||| READING 2 scrolls labelled OFUNTI YNIPSOR.
  8758 | Lair:1   | 8758 ||| DROPPING scroll of immolation.
  8759 | Lair:1   | 8759 ||| DROPPING scroll of fog.
  8813 | Lair:2   | 8813 ||| STAIRDANCE
  8909 | Lair:2   | 8909 ||| INVOKING Heroism.
  8922 | Lair:2   | Reached skill level 8 in Fighting
  8949 | Lair:2   | Reached skill level 3 in Throwing
  9103 | Lair:2   | 9103 ||| INVOKING Heroism.
  9110 | Lair:2   | Received a gift from Okawaru
  9228 | Lair:2   | 9228 ||| INVOKING Heroism.
  9343 | Lair:2   | Found a staircase to the Shoals.
  9349 | Lair:2   | 9349 ||| Stepping ~*~*~tactically~*~*~ (water).
  9351 | Lair:2   | 9351 ||| Stepping ~*~*~tactically~*~*~ (water).
  9609 | Lair:2   | 9609 ||| DROPPING +1 ring mail of fire resistance.
  9610 | Lair:2   | 9610 ||| DROPPING +2 robe of Qadall {rElec rF+ rC+}.
  9611 | Lair:2   | 9611 ||| UPGRADING to +0 plate armour.
  9621 | Lair:2   | 9621 ||| DROPPING +0 chain mail.
  9622 | Lair:2   | 9622 ||| UPGRADING to +2 cloak of preservation.
  9632 | Lair:2   | 9632 ||| DROPPING +0 cloak.
  9633 | Lair:2   | 9633 ||| DROPPING ring of wizardry.
  9655 | Lair:3   | 9655 ||| INVOKING Heroism.
  9659 | Lair:3   | Reached skill level 6 in Armour
  9670 | Lair:3   | Noticed a death yak
  9671 | Lair:3   | 9671 ||| INVOKING Finesse.
  9673 | Lair:3   | Noticed a death yak
  9677 | Lair:3   | Reached XP level 13. HP: 58/78 MP: 14/20
  9686 | Lair:3   | Reached skill level 9 in Fighting
  9746 | Lair:3   | 9746 ||| Stepping ~*~*~tactically~*~*~ (stealth).
  9756 | Lair:3   | Noticed Fannar
  9763 | Lair:3   | 9763 ||| INVOKING Heroism.
  9768 | Lair:3   | Killed Fannar
  9934 | Lair:3   | 9934 ||| Stepping ~*~*~tactically~*~*~ (stealth).
  9935 | Lair:3   | 9935 ||| INVOKING Heroism.
  9946 | Lair:3   | Identified the +0 chain mail "Sinefau" {Regen+ SInv}
                  | (Okawaru gifted it to you on level 3 of the Lair of Beasts)
  9946 | Lair:3   | Received a gift from Okawaru
 10213 | Lair:3   | 10213 ||| Stepping ~*~*~tactically~*~*~ (stealth).
 10217 | Lair:3   | 10217 ||| Stepping ~*~*~tactically~*~*~ (stealth).
 10219 | Lair:3   | 10219 ||| Stepping ~*~*~tactically~*~*~ (stealth).
 10423 | Lair:3   | Noticed Josephine
 10429 | Lair:3   | 10429 ||| INVOKING Heroism.
 10432 | Lair:3   | Killed Josephine
 10433 | Lair:3   | Reached skill level 12 in Axes
 10511 | Lair:3   | Found a staircase to the Snake Pit.
 10714 | Lair:3   | 10714 ||| Stepping ~*~*~tactically~*~*~ (stealth).
 10716 | Lair:3   | 10716 ||| Stepping ~*~*~tactically~*~*~ (stealth).
 10837 | Lair:3   | 10837 ||| UPGRADING to +0 chain mail "Sinefau" {Regen+
                  | SInv}.
 10847 | Lair:3   | 10847 ||| DROPPING +0 plate armour.
 10893 | Lair:4   | 10893 ||| Stepping ~*~*~tactically~*~*~ (stealth).
 10895 | Lair:4   | 10895 ||| Stepping ~*~*~tactically~*~*~ (stealth).
 11069 | Lair:4   | 11069 ||| INVOKING Heroism.
 11170 | Lair:4   | Found a runed translucent door.
 11496 | Lair:4   | 11496 ||| Stepping ~*~*~tactically~*~*~ (stealth).
 11497 | Lair:4   | 11497 ||| INVOKING Heroism.
 11504 | Lair:4   | Received a gift from Okawaru
 11507 | Lair:4   | Reached skill level 10 in Fighting
 11586 | Lair:4   | Found a staircase to the Slime Pits.
 11679 | Lair:4   | Noticed qw's ghost (journeyman GrFi)
 11715 | Lair:5   | Entered Level 5 of the Lair of Beasts
 11716 | Lair:5   | 11716 ||| INVOKING Heroism.
 11718 | Lair:5   | 11718 ||| INVOKING Finesse.
 11731 | Lair:5   | Gained mutation: Your large and strong wings let you fly.
                  | [Gargoyle growth]
 11731 | Lair:5   | Reached XP level 14. HP: 70/88 MP: 15/21
 11789 | Lair:5   | Reached skill level 15 in Shields
 11794 | Lair:5   | Received a gift from Okawaru
 11794 | Lair:5   | Found the +18 Lear's hauberk
 11801 | Lair:5   | 11801 ||| INVOKING Heroism.
 11964 | Lair:5   | 11964 ||| Stepping ~*~*~tactically~*~*~ (stealth).
 12097 | Lair:5   | 12097 ||| Stepping ~*~*~tactically~*~*~ (stealth).
 12148 | Lair:5   | 12148 ||| INVOKING Heroism.
 12149 | Lair:5   | 12149 ||| INVOKING Finesse.
 12218 | Lair:5   | 12218 ||| Stepping ~*~*~tactically~*~*~ (stealth).
 12403 | Lair:5   | 12403 ||| Stepping ~*~*~tactically~*~*~ (hiding).
 12416 | Lair:5   | Reached skill level 11 in Fighting
 12499 | Lair:5   | Identified the +11 demon blade of Psychosis {vamp, rF+}
 12502 | Lair:5   | Identified the +10 halberd of Kulyhepp {heavy, Drain Fly
                  | rElec Dex-4}
 12507 | Lair:5   | Identified the +1 trident "Xiles Murr" {drain, Int+6}
 12679 | Lair:5   | 12679 ||| PLANNING D:1-11
 12679 | Lair:5   | 12679 ||| DROPPING amulet of guardian spirit.
 12680 | Lair:5   | 12680 ||| READING 11 scrolls of identify.
 12680 | Lair:5   | 12680 ||| IDENTIFYING brown potion
 12681 | Lair:5   | 12681 ||| DROPPING potion of ambrosia.
 12815 | D:10     | Entered Level 10 of the Dungeon
 12848 | D:10     | 12848 ||| Stepping ~*~*~tactically~*~*~ (stealth).
 12852 | D:10     | 12852 ||| Stepping ~*~*~tactically~*~*~ (hiding).
 13014 | D:10     | 13014 ||| Stepping ~*~*~tactically~*~*~ (stealth).
 13019 | D:10     | 13019 ||| Stepping ~*~*~tactically~*~*~ (stealth).
 13080 | D:10     | 13080 ||| Stepping ~*~*~tactically~*~*~ (stealth).
 13140 | D:10     | 13140 ||| Stepping ~*~*~tactically~*~*~ (hiding).
 13152 | D:10     | 13152 ||| INVOKING Heroism.
 13161 | D:10     | Identified the +9 plate armour of Pelac {Dex+3} (Okawaru
                  | gifted it to you on level 10 of the Dungeon)
 13161 | D:10     | Received a gift from Okawaru
 13164 | D:10     | Noticed a fire giant
 13164 | D:10     | 13164 ||| INVOKING Finesse.
 13169 | D:10     | Killed a fire giant
 13225 | D:10     | Identified the +0 plate armour of Pyssaxoa {+Inv Dex+6}
 13373 | D:10     | Reached XP level 15. HP: 94/94 MP: 22/22
 13754 | D:10     | 13754 ||| UPGRADING to +9 plate armour of Pelac {Dex+3}.
 13764 | D:10     | 13764 ||| DROPPING +0 chain mail "Sinefau" {Regen+ SInv}.
 13765 | D:10     | 13765 ||| DROPPING +1 cloak of stealth.
 13766 | D:10     | 13766 ||| READING scroll labelled ACYABI NIDGHOCIDD.
 13836 | D:11     | Noticed Harold
 13837 | D:11     | 13837 ||| Stepping ~*~*~tactically~*~*~ (hiding).
 13843 | D:11     | Killed Harold
 13958 | D:11     | 13958 ||| Stepping ~*~*~tactically~*~*~ (stealth).
 14075 | D:11     | Found a staircase to the Orcish Mines.
 14094 | D:11     | 14094 ||| READING scroll of enchant armour.
 14094 | D:11     | 14094 ||| ENCHANTING +1 helmet.
 14365 | D:11     | Reached skill level 9 in Armour
 14378 | D:11     | 14378 ||| DROPPING +0 flail.
 14379 | D:11     | 14379 ||| DROPPING +2 mace "Luedwa" {heavy, rN++ Str+2
                  | Int-4 Dex+2}.
 14499 | D:11     | 14499 ||| PLANNING D
 14681 | D:12     | Reached skill level 3 in Dodging
 14708 | D:12     | 14708 ||| INVOKING Heroism.
 14709 | D:12     | 14709 ||| INVOKING Finesse.
 14726 | D:12     | 14726 ||| Stepping ~*~*~tactically~*~*~ (cloud).
 14746 | D:12     | 14746 ||| Stepping ~*~*~tactically~*~*~ (cloud).
 14747 | D:12     | 14747 ||| Stepping ~*~*~tactically~*~*~ (cloud).
 14748 | D:12     | 14748 ||| Stepping ~*~*~tactically~*~*~ (cloud).
 14753 | D:12     | HP: 10/94 [ice statue/bolt of cold (18)]
 14754 | D:12     | 14754 ||| READING 10 scrolls of teleportation.
 14755 | D:12     | 14755 ||| DRINKING 3 potions of heal wounds.
 14756 | D:12     | 14756 ||| Stepping ~*~*~tactically~*~*~ (cloud).
 14758 | D:12     | 14758 ||| INVOKING Finesse.
 14758 | D:12     | HP: 14/94 [ice statue] (24)]
 14759 | D:12     | 14759 ||| READING 9 scrolls of teleportation.
 14759 | D:12     | HP: 5/94 [ice statue/freezing blast (6)]
 14760 | D:12     | 14760 ||| DRINKING 2 potions of heal wounds.
 14761 | D:12     | 14761 ||| INVOKING Heroism.
 14762 | D:12     | 14762 ||| Stepping ~*~*~tactically~*~*~ (cloud).
 14778 | D:12     | 14778 ||| Stepping ~*~*~tactically~*~*~ (cloud).
 14780 | D:12     | 14780 ||| Stepping ~*~*~tactically~*~*~ (cloud).
 14786 | D:12     | 14786 ||| Stepping ~*~*~tactically~*~*~ (cloud).
 14788 | D:12     | 14788 ||| Stepping ~*~*~tactically~*~*~ (cloud).
 14792 | D:12     | 14792 ||| INVOKING Heroism.
 14798 | D:12     | 14798 ||| Stepping ~*~*~tactically~*~*~ (cloud).
 14855 | D:12     | Noticed a frost giant
 14856 | D:12     | 14856 ||| INVOKING Heroism.
 14857 | D:12     | 14857 ||| INVOKING Finesse.
 14861 | D:12     | 14861 ||| Stepping ~*~*~tactically~*~*~ (cloud).
 14863 | D:12     | 14863 ||| Stepping ~*~*~tactically~*~*~ (cloud).
 14865 | D:12     | Killed a frost giant
 15000 | D:12     | 15000 ||| Stepping ~*~*~tactically~*~*~ (stealth).
 15027 | D:12     | 15027 ||| INVOKING Heroism.
 15029 | D:12     | 15029 ||| Stepping ~*~*~tactically~*~*~ (cloud).
 15029 | D:12     | Found the +11 plutonium sword {Contam Stlth-}
 15034 | D:12     | 15034 ||| Stepping ~*~*~tactically~*~*~ (cloud).
 15424 | D:12     | Found a sparkling altar of Nemelex Xobeh.
 15658 | D:13     | 15658 ||| Stepping ~*~*~tactically~*~*~ (hiding).
 15865 | D:13     | Found a runed translucent door.
 15869 | D:13     | Noticed a fire giant
 15962 | D:13     | 15962 ||| Stepping ~*~*~tactically~*~*~ (hiding).
 16324 | D:14     | 16324 ||| Stepping ~*~*~tactically~*~*~ (hiding).
 16326 | D:14     | 16326 ||| Stepping ~*~*~tactically~*~*~ (hiding).
 16467 | D:14     | 16467 ||| Stepping ~*~*~tactically~*~*~ (hiding).
 16483 | D:14     | Found a gate to the Vaults.
 16487 | D:14     | Reached skill level 15 in Axes
 16496 | D:14     | 16496 ||| INVOKING Heroism.
 16510 | D:14     | Reached skill level 12 in Fighting
 16511 | D:14     | 16511 ||| Stepping ~*~*~tactically~*~*~ (hiding).
 16512 | D:14     | 16512 ||| Stepping ~*~*~tactically~*~*~ (hiding).
 16746 | D:14     | 16746 ||| Stepping ~*~*~tactically~*~*~ (hiding).
 16912 | D:14     | Found Foidajou's Book Shop.
 16913 | D:14     | 16913 ||| Stepping ~*~*~tactically~*~*~ (stealth).
 16924 | D:14     | Received a gift from Okawaru
 16925 | D:14     | 16925 ||| INVOKING Heroism.
 16965 | D:14     | Identified the +3 robe of Bedevilment {Int+4}
 16969 | D:14     | Identified the +3 ring mail of Lifelessness {rC++ rN+
                  | Str-3}
 16970 | D:14     | 16970 ||| Stepping ~*~*~tactically~*~*~ (stealth).
 16971 | D:14     | Found an opulent altar of Gozag.
 16979 | D:14     | 16979 ||| Stepping ~*~*~tactically~*~*~ (stealth).
 17009 | D:14     | 17009 ||| Stepping ~*~*~tactically~*~*~ (stealth).
 17019 | D:14     | Identified the +4 war axe "Hoeduf" {heavy, rPois Will+
                  | Dex-3}
 17027 | D:14     | 17027 ||| INVOKING Heroism.
 17036 | D:14     | 17036 ||| Stepping ~*~*~tactically~*~*~ (hiding).
 17038 | D:14     | Identified the +0 leather armour of Ettieb {Drain rF+ Str+3
                  | Stlth+}
 17039 | D:14     | 17039 ||| Stepping ~*~*~tactically~*~*~ (hiding).
 17043 | D:14     | HP: 19/96 [meliai/divine providence (13)]
 17043 | D:14     | HP: 7/96 [meliai/divine providence (12)]
 17044 | D:14     | 17044 ||| READING 9 scrolls of teleportation.
 17045 | D:14     | 17045 ||| DRINKING potion of heal wounds.
 17247 | D:14     | 17247 ||| Stepping ~*~*~tactically~*~*~ (hiding).
 17249 | D:14     | 17249 ||| Stepping ~*~*~tactically~*~*~ (hiding).
 17285 | D:14     | 17285 ||| INVOKING Heroism.
 17288 | D:14     | 17288 ||| INVOKING Finesse.
 17290 | D:14     | 17290 ||| SWAPPING to +2 heavy flail.
 17296 | D:14     | 17296 ||| SWAPPING to +8 broad axe of Oradgh {heavy,
                  | Int+2}.
 17308 | D:14     | Reached XP level 16. HP: 101/101 MP: 17/23
 17324 | D:14     | HP: 23/101 [deep elf knight/shard of ice (29)]
 17325 | D:14     | 17325 ||| READING 8 scrolls of teleportation.
 17325 | D:14     | HP: 6/101 [deep elf knight/shard of ice (18)]
 17482 | D:14     | 17482 ||| Stepping ~*~*~tactically~*~*~ (hiding).
 17483 | D:14     | 17483 ||| Stepping ~*~*~tactically~*~*~ (hiding).
 17506 | D:14     | 17506 ||| Stepping ~*~*~tactically~*~*~ (stealth).
 17525 | D:14     | 17525 ||| Stepping ~*~*~tactically~*~*~ (stealth).
 17645 | D:14     | 17645 ||| Stepping ~*~*~tactically~*~*~ (hiding).
 17725 | D:14     | 17725 ||| Stepping ~*~*~tactically~*~*~ (hiding).
 17859 | D:14     | 17859 ||| Stepping ~*~*~tactically~*~*~ (stealth).
 17860 | D:14     | 17860 ||| Stepping ~*~*~tactically~*~*~ (stealth).
 17861 | D:14     | 17861 ||| Stepping ~*~*~tactically~*~*~ (stealth).
 17871 | D:14     | 17871 ||| UPGRADING to +4 ring of slaying {mikee}.
 17898 | D:15     | Entered Level 15 of the Dungeon
 17941 | D:15     | 17941 ||| Stepping ~*~*~tactically~*~*~ (hiding).
 17943 | D:15     | 17943 ||| Stepping ~*~*~tactically~*~*~ (hiding).
 17958 | D:15     | 17958 ||| Stepping ~*~*~tactically~*~*~ (hiding).
 17959 | D:15     | 17959 ||| Stepping ~*~*~tactically~*~*~ (hiding).
 18070 | D:15     | Found a staircase to the Depths.
 18071 | D:15     | 18071 ||| INVOKING Heroism.
 18147 | D:15     | 18147 ||| Stepping ~*~*~tactically~*~*~ (hiding).
 18284 | D:15     | 18284 ||| INVOKING Heroism.
 18284 | D:15     | Noticed Agnes
 18287 | D:15     | 18287 ||| SWAPPING to +2 heavy flail.
 18293 | D:15     | Killed Agnes
 18300 | D:15     | 18300 ||| SWAPPING to +8 broad axe of Oradgh {heavy,
                  | Int+2}.
 18314 | D:15     | 18314 ||| INVOKING Heroism.
 18464 | D:15     | 18464 ||| Stepping ~*~*~tactically~*~*~ (hiding).
 18465 | D:15     | 18465 ||| Stepping ~*~*~tactically~*~*~ (hiding).
 18528 | D:15     | 18528 ||| Stepping ~*~*~tactically~*~*~ (hiding).
 18536 | D:15     | 18536 ||| Stepping ~*~*~tactically~*~*~ (hiding).
 19108 | D:15     | 19108 ||| PLANNING ORC
 19236 | Orc:1    | Entered Level 1 of the Orcish Mines
 19302 | Orc:2    | Entered Level 2 of the Orcish Mines
 19302 | Orc:2    | Noticed Snorg
 19308 | Orc:2    | Killed Snorg
 19362 | Orc:1    | 19362 ||| Stepping ~*~*~tactically~*~*~ (stealth).
 19420 | Orc:1    | 19420 ||| Stepping ~*~*~tactically~*~*~ (hiding).
 19421 | Orc:1    | 19421 ||| Stepping ~*~*~tactically~*~*~ (hiding).
 19508 | Orc:1    | Received a gift from Okawaru
 19510 | Orc:1    | 19510 ||| INVOKING Heroism.
 19537 | Orc:1    | 19537 ||| INVOKING Finesse.
 19570 | Orc:1    | Noticed Nergalle
 19571 | Orc:1    | 19571 ||| Stepping ~*~*~tactically~*~*~ (hiding).
 19573 | Orc:1    | 19573 ||| Stepping ~*~*~tactically~*~*~ (hiding).
 19580 | Orc:1    | Killed Nergalle
 19598 | Orc:1    | 19598 ||| Stepping ~*~*~tactically~*~*~ (stealth).
 19600 | Orc:1    | 19600 ||| Stepping ~*~*~tactically~*~*~ (stealth).
 19607 | Orc:1    | 19607 ||| Stepping ~*~*~tactically~*~*~ (hiding).
 19613 | Orc:1    | 19613 ||| INVOKING Heroism.
 19781 | Orc:2    | Found a staircase to the Elven Halls.
 19786 | Orc:2    | 19786 ||| INVOKING Heroism.
 19850 | Orc:2    | Noticed Jorgrun
 19851 | Orc:2    | 19851 ||| INVOKING Heroism.
 19867 | Orc:2    | Killed Jorgrun
 19867 | Orc:2    | Received a gift from Okawaru
 19912 | Orc:2    | 19912 ||| INVOKING Heroism.
 19953 | Orc:2    | 19953 ||| INVOKING Heroism.
 20003 | Orc:2    | Found Wiroesuc's General Store.
 20036 | Orc:2    | Found Dunwoyl's Assorted Antiques.
 20044 | Orc:2    | 20044 ||| BUYING scroll of brand weapon (209 gold).
 20044 | Orc:2    | Bought a scroll of brand weapon for 209 gold pieces
 20044 | Orc:2    | 20044 ||| BUYING translucent platinum ring (110 gold).
 20044 | Orc:2    | Bought a translucent platinum ring for 110 gold pieces
 20044 | Orc:2    | Identified the ring of Timidghi {rC- Int+3 SInv} (You
                  | bought it in a shop on level 2 of the Orcish Mines)
 20143 | Orc:2    | Found a burning altar of Makhleb.
 20192 | Orc:2    | 20192 ||| INVOKING Heroism.
 20224 | Orc:2    | Found Omeit's Jewellery Shoppe.
 20229 | Orc:2    | 20229 ||| BUYING +4 ring of protection (432 gold).
 20229 | Orc:2    | Bought a +4 ring of protection for 432 gold pieces
 20229 | Orc:2    | 20229 ||| BUYING amulet of reflection (360 gold).
 20229 | Orc:2    | Bought an amulet of reflection for 360 gold pieces
 20229 | Orc:2    | 20229 ||| BUYING ring of fire (300 gold).
 20229 | Orc:2    | Bought a ring of fire for 300 gold pieces
 20229 | Orc:2    | 20229 ||| BUYING ring of ice (300 gold).
 20229 | Orc:2    | Bought a ring of ice for 300 gold pieces
 20260 | Orc:2    | Found Osukac's Antique Armour Emporium.
 20265 | Orc:2    | Found Nibbaym's General Store.
 20266 | Orc:2    | Found Boykecoc's Specific Store.
 20269 | Orc:2    | 20269 ||| BUYING pair of gloves (144 gold).
 20269 | Orc:2    | Bought a pair of gloves for 144 gold pieces
 20269 | Orc:2    | 20269 ||| BUYING runed hat (224 gold).
 20269 | Orc:2    | Bought a runed hat for 224 gold pieces
 20276 | Orc:2    | 20276 ||| BUYING 2 potions of haste (280 gold).
 20276 | Orc:2    | Bought 2 potions of haste for 280 gold pieces
 20280 | Orc:2    | 20280 ||| SHOPLISTING potion of mutation (128 gold, have
                  | 36).
 20380 | Orc:2    | 20380 ||| BUYING potion of curing (36 gold).
 20380 | Orc:2    | Bought a potion of curing for 36 gold pieces
 20380 | Orc:2    | 20380 ||| BUYING scroll of teleportation (36 gold).
 20380 | Orc:2    | Bought a scroll of teleportation for 36 gold pieces
 20389 | Orc:2    | Found Deuvadwu's Antique Armour Shoppe.
 20397 | Orc:2    | 20397 ||| SHOPLISTING pair of distressingly furry boots
                  | (313 gold, have 12).
 20406 | Orc:2    | Found Metetrof's Antique Weapon Shoppe.
 20413 | Orc:2    | 20413 ||| SHOPLISTING runed morningstar (252 gold, have
                  | 12).
 20422 | Orc:2    | Found Timpe's Book Shoppe.
 20595 | Orc:2    | 20595 ||| PLANNING SHOALS:1-3
 20595 | Orc:2    | 20595 ||| UPGRADING to +0 pair of gloves.
 20600 | Orc:2    | 20600 ||| DROPPING +1 hat.
 20601 | Orc:2    | 20601 ||| READING 2 scrolls of enchant armour.
 20601 | Orc:2    | 20601 ||| ENCHANTING +0 pair of gloves.
 20602 | Orc:2    | 20602 ||| READING scroll of enchant armour.
 20602 | Orc:2    | 20602 ||| ENCHANTING +1 pair of gloves.
 20603 | Orc:2    | 20603 ||| UPGRADING to amulet of reflection.
 20613 | Orc:2    | 20613 ||| DROPPING amulet of regeneration.
 20614 | Orc:2    | 20614 ||| DROPPING ring of Timidghi {rC- Int+3 SInv}.
 20615 | Orc:2    | 20615 ||| UPGRADING to +4 ring of protection.
 20617 | Orc:2    | 20617 ||| DROPPING ring of willpower.
 20807 | Shoals:1 | Entered Level 1 of the Shoals
 20870 | Shoals:1 | 20870 ||| INVOKING Heroism.
 20881 | Shoals:1 | Received a gift from Okawaru
 20922 | Shoals:1 | 20922 ||| Stepping ~*~*~tactically~*~*~ (stealth).
 20932 | Shoals:1 | Reached skill level 12 in Armour
 20936 | Shoals:1 | Reached XP level 17. HP: 105/108 MP: 24/24
 21014 | Shoals:1 | Reached skill level 13 in Fighting
 21045 | Shoals:1 | 21045 ||| Stepping ~*~*~tactically~*~*~ (stealth).
 21046 | Shoals:1 | 21046 ||| Stepping ~*~*~tactically~*~*~ (stealth).
 21053 | Shoals:1 | 21053 ||| INVOKING Heroism.
 21521 | Shoals:1 | Noticed a kraken
 21526 | Shoals:1 | Killed a kraken
 21665 | Shoals:1 | 21665 ||| UPGRADING to +6 ring of strength.
 21667 | Shoals:1 | 21667 ||| DROPPING +4 ring of protection.
 21711 | Shoals:2 | 21711 ||| Stepping ~*~*~tactically~*~*~ (hiding).
 21712 | Shoals:2 | 21712 ||| Stepping ~*~*~tactically~*~*~ (hiding).
 21713 | Shoals:2 | 21713 ||| INVOKING Heroism.
 22367 | Shoals:2 | 22367 ||| DROPPING amulet of the acrobat.
 22392 | Shoals:3 | 22392 ||| INVOKING Heroism.
 22416 | Shoals:3 | 22416 ||| Stepping ~*~*~tactically~*~*~ (hiding).
 22418 | Shoals:3 | 22418 ||| Stepping ~*~*~tactically~*~*~ (hiding).
 22419 | Shoals:3 | 22419 ||| Stepping ~*~*~tactically~*~*~ (hiding).
 22528 | Shoals:3 | 22528 ||| INVOKING Heroism.
 22577 | Shoals:3 | 22577 ||| FLEEEEING.
 22578 | Shoals:3 | 22578 ||| FLEEEEING.
 22579 | Shoals:3 | 22579 ||| FLEEEEING.
 22580 | Shoals:3 | 22580 ||| INVOKING Heroism.
 22631 | Shoals:3 | 22631 ||| Stepping ~*~*~tactically~*~*~ (hiding).
 22635 | Shoals:3 | 22635 ||| Stepping ~*~*~tactically~*~*~ (hiding).
 22724 | Shoals:3 | 22724 ||| Stepping ~*~*~tactically~*~*~ (hiding).
 22975 | Shoals:3 | 22975 ||| INVOKING Heroism.
 23113 | Shoals:3 | 23113 ||| INVOKING Heroism.
 23213 | Shoals:3 | 23213 ||| INVOKING Heroism.
 23620 | Shoals:3 | 23620 ||| PLANNING SNAKE:1-3
 23759 | Snake:1  | Entered Level 1 of the Snake Pit
 23760 | Snake:1  | 23760 ||| INVOKING Heroism.
 23770 | Snake:1  | Reached skill level 6 in Throwing
 23778 | Snake:1  | Received a gift from Okawaru
 23797 | Snake:1  | 23797 ||| FLEEEEING.
 23798 | Snake:1  | 23798 ||| FLEEEEING.
 23799 | Snake:1  | 23799 ||| STAIRDANCE
 23867 | Snake:1  | 23867 ||| INVOKING Heroism.
 23897 | Snake:1  | Reached skill level 18 in Axes
 23907 | Snake:1  | 23907 ||| FLEEEEING.
 23908 | Snake:1  | 23908 ||| FLEEEEING.
 23909 | Snake:1  | 23909 ||| FLEEEEING.
 23910 | Snake:1  | 23910 ||| FLEEEEING.
 23911 | Snake:1  | 23911 ||| STAIRDANCE
 23958 | Snake:1  | 23958 ||| FLEEEEING.
 23960 | Snake:1  | 23960 ||| STAIRDANCE
 24187 | Snake:1  | 24187 ||| Stepping ~*~*~tactically~*~*~ (stealth).
 24188 | Snake:1  | 24188 ||| Stepping ~*~*~tactically~*~*~ (stealth).
 24190 | Snake:1  | 24190 ||| Stepping ~*~*~tactically~*~*~ (hiding).
 24191 | Snake:1  | 24191 ||| Stepping ~*~*~tactically~*~*~ (hiding).
 24552 | Snake:1  | 24552 ||| UPGRADING to +2 tower shield of protection.
 24562 | Snake:1  | 24562 ||| DROPPING +0 tower shield.
 24563 | Snake:1  | 24563 ||| READING 23 scrolls of identify.
 24563 | Snake:1  | 24563 ||| IDENTIFYING fizzy dark potion
 24564 | Snake:1  | 24564 ||| DROPPING potion of invisibility.
 24586 | Snake:2  | 24586 ||| Stepping ~*~*~tactically~*~*~ (hiding).
 24589 | Snake:2  | 24589 ||| Stepping ~*~*~tactically~*~*~ (hiding).
 24598 | Snake:2  | 24598 ||| INVOKING Heroism.
 24607 | Snake:2  | Received a gift from Okawaru
 24612 | Snake:2  | 24612 ||| DROPPING +2 heavy flail.
 24627 | Snake:2  | 24627 ||| Stepping ~*~*~tactically~*~*~ (hiding).
 24739 | Snake:2  | Reached skill level 14 in Fighting
 24740 | Snake:2  | Reached XP level 18. HP: 115/116 MP: 25/25
 24743 | Snake:2  | 24743 ||| DROPPING +0 flail of protection.
 24773 | Snake:2  | 24773 ||| Stepping ~*~*~tactically~*~*~ (stealth).
 24789 | Snake:2  | Reached skill level 18 in Shields
 24794 | Snake:2  | 24794 ||| DRINKING 8 potions of curing.
 24794 | Snake:2  | 24794 ||| (to cure confusion)
 24821 | Snake:2  | Received a gift from Okawaru
 24872 | Snake:2  | 24872 ||| Stepping ~*~*~tactically~*~*~ (stealth).
 25101 | Snake:2  | 25101 ||| INVOKING Heroism.
 25170 | Snake:2  | 25170 ||| Stepping ~*~*~tactically~*~*~ (hiding).
 25308 | Snake:2  | 25308 ||| INVOKING Heroism.
 25435 | Snake:2  | 25435 ||| Stepping ~*~*~tactically~*~*~ (hiding).
 25439 | Snake:2  | 25439 ||| Stepping ~*~*~tactically~*~*~ (hiding).
 25441 | Snake:2  | 25441 ||| Stepping ~*~*~tactically~*~*~ (hiding).
 25442 | Snake:2  | 25442 ||| INVOKING Heroism.
 25809 | Snake:3  | Noticed Azrael
 25813 | Snake:3  | Killed Azrael
 25814 | Snake:3  | Identified the +3 hand axe "Orb Guardian's Regret" {elec,
                  | Contam Fragile Str+8 Int+5} (Okawaru gifted it to you on
                  | level 3 of the Snake Pit)
 25814 | Snake:3  | Received a gift from Okawaru
 25817 | Snake:3  | 25817 ||| STAIRDANCE
 25859 | Snake:3  | 25859 ||| Stepping ~*~*~tactically~*~*~ (hiding).
 25915 | Snake:3  | 25915 ||| INVOKING Heroism.
 25932 | Snake:3  | Noticed Saint Roka
 25933 | Snake:3  | 25933 ||| Stepping ~*~*~tactically~*~*~ (stealth).
 25940 | Snake:3  | 25940 ||| INVOKING Finesse.
 25949 | Snake:3  | Killed Saint Roka
 25987 | Snake:3  | 25987 ||| Stepping ~*~*~tactically~*~*~ (stealth).
 25989 | Snake:3  | 25989 ||| INVOKING Heroism.
 25996 | Snake:3  | 25996 ||| Stepping ~*~*~tactically~*~*~ (hiding).
 25998 | Snake:3  | 25998 ||| Stepping ~*~*~tactically~*~*~ (hiding).
 25999 | Snake:3  | 25999 ||| Stepping ~*~*~tactically~*~*~ (hiding).
 26000 | Snake:3  | 26000 ||| Stepping ~*~*~tactically~*~*~ (hiding).
 26002 | Snake:3  | 26002 ||| Stepping ~*~*~tactically~*~*~ (hiding).
 26051 | Snake:3  | 26051 ||| FLEEEEING.
 26112 | Snake:3  | 26112 ||| Stepping ~*~*~tactically~*~*~ (stealth).
 26118 | Snake:3  | Found Tuej's Distillery.
 26120 | Snake:3  | Found Wour's Jewellery Emporium.
 26122 | Snake:3  | Found Maysoxud's General Store.
 26128 | Snake:3  | 26128 ||| BUYING 2 potions of might (128 gold).
 26128 | Snake:3  | Bought 2 potions of might for 128 gold pieces
 26128 | Snake:3  | 26128 ||| BUYING potion of enlightenment (80 gold).
 26128 | Snake:3  | Bought a potion of enlightenment for 80 gold pieces
 26128 | Snake:3  | 26128 ||| BUYING potion of magic (128 gold).
 26128 | Snake:3  | Bought a potion of magic for 128 gold pieces
 26134 | Snake:3  | 26134 ||| SHOPLISTING ring of protection from fire (300
                  | gold, have 154).
 26134 | Snake:3  | 26134 ||| SHOPLISTING ring of the Scavenger {rF++ rC+ rN+}
                  | (644 gold, have 154).
 26137 | Snake:3  | 26137 ||| Stepping ~*~*~tactically~*~*~ (hiding).
 26139 | Snake:3  | 26139 ||| Stepping ~*~*~tactically~*~*~ (stealth).
 26140 | Snake:3  | 26140 ||| Stepping ~*~*~tactically~*~*~ (hiding).
 26145 | Snake:3  | 26145 ||| INVOKING Heroism.
 26158 | Snake:3  | 26158 ||| Stepping ~*~*~tactically~*~*~ (hiding).
 26159 | Snake:3  | 26159 ||| Stepping ~*~*~tactically~*~*~ (hiding).
 26160 | Snake:3  | 26160 ||| Stepping ~*~*~tactically~*~*~ (hiding).
 26161 | Snake:3  | 26161 ||| Stepping ~*~*~tactically~*~*~ (hiding).
 26162 | Snake:3  | 26162 ||| Stepping ~*~*~tactically~*~*~ (hiding).
 26163 | Snake:3  | 26163 ||| Stepping ~*~*~tactically~*~*~ (hiding).
 26167 | Snake:3  | 26167 ||| Stepping ~*~*~tactically~*~*~ (hiding).
 26328 | Snake:3  | Found a transporter.
 26331 | Snake:3  | Found a transporter.
 26337 | Snake:3  | 26337 ||| INVOKING Heroism.
 26348 | Snake:3  | Noticed qw's ghost (adept GrHs)
 26756 | Snake:3  | 26756 ||| Stepping ~*~*~tactically~*~*~ (hiding).
 26918 | Snake:3  | 26918 ||| PLANNING SHOALS:4
 27090 | Shoals:4 | Entered Level 4 of the Shoals
 27102 | Shoals:4 | 27102 ||| INVOKING Heroism.
 27103 | Shoals:4 | 27103 ||| INVOKING Finesse.
 27136 | Shoals:4 | Received a gift from Okawaru
 27221 | Shoals:4 | 27221 ||| Stepping ~*~*~tactically~*~*~ (hiding).
 27222 | Shoals:4 | 27222 ||| INVOKING Heroism.
 27230 | Shoals:4 | Reached skill level 15 in Fighting
 27310 | Shoals:4 | 27310 ||| INVOKING Heroism.
 27504 | Shoals:4 | 27504 ||| INVOKING Heroism.
 27505 | Shoals:4 | 27505 ||| INVOKING Finesse.
 27514 | Shoals:4 | Received a gift from Okawaru
 27541 | Shoals:4 | Reached XP level 19. HP: 104/124 MP: 23/26
 27553 | Shoals:4 | 27553 ||| FLEEEEING.
 27554 | Shoals:4 | 27554 ||| FLEEEEING.
 27555 | Shoals:4 | 27555 ||| FLEEEEING.
 27581 | Shoals:4 | 27581 ||| INVOKING Heroism.
 27663 | Shoals:4 | 27663 ||| Stepping ~*~*~tactically~*~*~ (stealth).
 27666 | Shoals:4 | 27666 ||| Stepping ~*~*~tactically~*~*~ (stealth).
 27670 | Shoals:4 | 27670 ||| Stepping ~*~*~tactically~*~*~ (stealth).
 27685 | Shoals:4 | 27685 ||| Stepping ~*~*~tactically~*~*~ (hiding).
 27947 | Shoals:4 | 27947 ||| Stepping ~*~*~tactically~*~*~ (hiding).
 27950 | Shoals:4 | 27950 ||| INVOKING Heroism.
 27953 | Shoals:4 | 27953 ||| Stepping ~*~*~tactically~*~*~ (hiding).
 27967 | Shoals:4 | 27967 ||| INVOKING Finesse.
 27983 | Shoals:4 | Reached skill level 9 in Throwing
 28157 | Shoals:4 | Got a barnacled rune of Zot
 28433 | Shoals:4 | 28433 ||| PLANNING VAULTS:1-4
 28433 | Shoals:4 | 28433 ||| UPGRADING to +2 pair of boots of flying.
 28708 | Vaults:1 | Entered Level 1 of the Vaults
 28715 | Vaults:1 | 28715 ||| FLEEEEING.
 28716 | Vaults:1 | 28716 ||| STAIRDANCE
 28834 | Vaults:1 | 28834 ||| STAIRDANCE
 28945 | Vaults:1 | 28945 ||| STAIRDANCE
 29058 | Vaults:1 | 29058 ||| STAIRDANCE
 29201 | Vaults:1 | 29201 ||| Stepping ~*~*~tactically~*~*~ (hiding).
 29202 | Vaults:1 | 29202 ||| Stepping ~*~*~tactically~*~*~ (hiding).
 29476 | Vaults:1 | 29476 ||| INVOKING Heroism.
 29483 | Vaults:1 | Reached skill level 15 in Armour
 29676 | Vaults:1 | 29676 ||| Stepping ~*~*~tactically~*~*~ (stealth).
 29782 | Vaults:1 | 29782 ||| Stepping ~*~*~tactically~*~*~ (stealth).
 29791 | Vaults:1 | 29791 ||| INVOKING Heroism.
 29910 | Vaults:1 | 29910 ||| Stepping ~*~*~tactically~*~*~ (stealth).
 29911 | Vaults:1 | 29911 ||| Stepping ~*~*~tactically~*~*~ (stealth).
 29912 | Vaults:1 | 29912 ||| Stepping ~*~*~tactically~*~*~ (stealth).
 29967 | Vaults:1 | 29967 ||| Stepping ~*~*~tactically~*~*~ (stealth).
 29969 | Vaults:1 | 29969 ||| Stepping ~*~*~tactically~*~*~ (stealth).
 29971 | Vaults:1 | 29971 ||| Stepping ~*~*~tactically~*~*~ (stealth).
 29988 | Vaults:1 | 29988 ||| Stepping ~*~*~tactically~*~*~ (stealth).
 29998 | Vaults:1 | Reached skill level 16 in Fighting
 30202 | Vaults:1 | 30202 ||| Stepping ~*~*~tactically~*~*~ (hiding).
 30205 | Vaults:1 | 30205 ||| Stepping ~*~*~tactically~*~*~ (hiding).
 30253 | Vaults:1 | Received a gift from Okawaru
 30534 | Vaults:1 | 30534 ||| Stepping ~*~*~tactically~*~*~ (stealth).
 30541 | Vaults:1 | Received a gift from Okawaru
 30576 | Vaults:1 | 30576 ||| FLEEEEING.
 30580 | Vaults:1 | 30580 ||| FLEEEEING.
 30581 | Vaults:1 | 30581 ||| FLEEEEING.
 30582 | Vaults:1 | 30582 ||| FLEEEEING.
 30583 | Vaults:1 | 30583 ||| FLEEEEING.
 30764 | Vaults:2 | 30764 ||| STAIRDANCE
 30899 | Vaults:2 | 30899 ||| Stepping ~*~*~tactically~*~*~ (hiding).
 30904 | Vaults:2 | 30904 ||| INVOKING Heroism.
 30905 | Vaults:2 | 30905 ||| INVOKING Finesse.
 30948 | Vaults:2 | 30948 ||| Stepping ~*~*~tactically~*~*~ (stealth).
 30949 | Vaults:2 | 30949 ||| Stepping ~*~*~tactically~*~*~ (stealth).
 30951 | Vaults:2 | 30951 ||| Stepping ~*~*~tactically~*~*~ (hiding).
 30952 | Vaults:2 | 30952 ||| Stepping ~*~*~tactically~*~*~ (hiding).
 30955 | Vaults:2 | 30955 ||| Stepping ~*~*~tactically~*~*~ (hiding).
 30957 | Vaults:2 | 30957 ||| INVOKING Heroism.
 31065 | Vaults:2 | 31065 ||| Stepping ~*~*~tactically~*~*~ (stealth).
 31081 | Vaults:2 | Identified the +2 pair of boots "Wusix" {Stlth+} (Okawaru
                  | gifted it to you on level 2 of the Vaults)
 31081 | Vaults:2 | Received a gift from Okawaru
 31086 | Vaults:2 | Reached XP level 20. HP: 114/132 MP: 27/27
 31099 | Vaults:2 | Paralysed by a great orb of eyes for 2 turns
 31102 | Vaults:2 | Reached skill level 17 in Fighting
 31351 | Vaults:2 | 31351 ||| Stepping ~*~*~tactically~*~*~ (stealth).
 31790 | Vaults:2 | Reached skill level 6 in Dodging
 31847 | Vaults:2 | 31847 ||| Stepping ~*~*~tactically~*~*~ (hiding).
 32058 | Vaults:2 | 32058 ||| Stepping ~*~*~tactically~*~*~ (hiding).
 32336 | Vaults:2 | 32336 ||| DROPPING +2 pair of boots "Wusix" {Stlth+}.
 32480 | Vaults:3 | 32480 ||| INVOKING Heroism.
 32631 | Vaults:3 | 32631 ||| Stepping ~*~*~tactically~*~*~ (hiding).
 32632 | Vaults:3 | 32632 ||| Stepping ~*~*~tactically~*~*~ (hiding).
 32796 | Vaults:3 | 32796 ||| Stepping ~*~*~tactically~*~*~ (hiding).
 32971 | Vaults:3 | Received a gift from Okawaru
 33072 | Vaults:3 | 33072 ||| Stepping ~*~*~tactically~*~*~ (stealth).
 33082 | Vaults:3 | Identified the +6 war axe of Gallantry {drain, Drain rElec
                  | rF- Int+8} (Okawaru gifted it to you on level 3 of the
                  | Vaults)
 33082 | Vaults:3 | Received a gift from Okawaru
 33151 | Vaults:3 | 33151 ||| Stepping ~*~*~tactically~*~*~ (stealth).
 33154 | Vaults:3 | 33154 ||| Stepping ~*~*~tactically~*~*~ (hiding).
 33346 | Vaults:3 | 33346 ||| Stepping ~*~*~tactically~*~*~ (hiding).
 33347 | Vaults:3 | 33347 ||| Stepping ~*~*~tactically~*~*~ (hiding).
 33349 | Vaults:3 | 33349 ||| Stepping ~*~*~tactically~*~*~ (hiding).
 33352 | Vaults:3 | 33352 ||| Stepping ~*~*~tactically~*~*~ (hiding).
 33586 | Vaults:3 | 33586 ||| Stepping ~*~*~tactically~*~*~ (hiding).
 33833 | Vaults:3 | 33833 ||| Stepping ~*~*~tactically~*~*~ (hiding).
 34051 | Vaults:3 | Reached skill level 18 in Fighting
 34072 | Vaults:3 | Received a gift from Okawaru
 34083 | Vaults:3 | 34083 ||| DROPPING +0 broad axe of electrocution.
 34084 | Vaults:3 | Found a staircase to the Crypt.
 34134 | Vaults:4 | 34134 ||| PLANNING BAZAAR
 34140 | Vaults:4 | 34140 ||| Stepping ~*~*~tactically~*~*~ (hiding).
 34143 | Vaults:4 | 34143 ||| INVOKING Heroism.
 34309 | Vaults:4 | 34309 ||| Stepping ~*~*~tactically~*~*~ (hiding).
 34310 | Vaults:4 | 34310 ||| Stepping ~*~*~tactically~*~*~ (hiding).
 34311 | Vaults:4 | 34311 ||| Stepping ~*~*~tactically~*~*~ (hiding).
 34312 | Vaults:4 | 34312 ||| Stepping ~*~*~tactically~*~*~ (hiding).
 34313 | Vaults:4 | 34313 ||| INVOKING Heroism.
 34314 | Vaults:4 | 34314 ||| INVOKING Finesse.
 34370 | Vaults:4 | 34370 ||| INVOKING Heroism.
 34387 | Vaults:4 | Reached XP level 21. HP: 128/141 MP: 28/28
 34491 | Vaults:4 | 34491 ||| Stepping ~*~*~tactically~*~*~ (stealth).
 34649 | Vaults:4 | 34649 ||| Stepping ~*~*~tactically~*~*~ (hiding).
 34761 | Vaults:4 | 34761 ||| Stepping ~*~*~tactically~*~*~ (hiding).
 34762 | Vaults:4 | 34762 ||| Stepping ~*~*~tactically~*~*~ (hiding).
 34763 | Vaults:4 | 34763 ||| Stepping ~*~*~tactically~*~*~ (hiding).
 34765 | Vaults:4 | 34765 ||| Stepping ~*~*~tactically~*~*~ (hiding).
 34868 | Vaults:4 | 34868 ||| RIP BAZAAR
 34872 | Vaults:4 | 34872 ||| PLANNING VAULTS:1-4
 35023 | Vaults:4 | Received a gift from Okawaru
 35024 | Vaults:4 | 35024 ||| FLEEEEING.
 35025 | Vaults:4 | 35025 ||| FLEEEEING.
 35026 | Vaults:4 | 35026 ||| FLEEEEING.
 35027 | Vaults:4 | 35027 ||| FLEEEEING.
 35028 | Vaults:4 | 35028 ||| FLEEEEING.
 35029 | Vaults:4 | 35029 ||| FLEEEEING.
 35030 | Vaults:4 | 35030 ||| FLEEEEING.
 35031 | Vaults:4 | 35031 ||| FLEEEEING.
 35032 | Vaults:4 | 35032 ||| FLEEEEING.
 35033 | Vaults:4 | 35033 ||| FLEEEEING.
 35034 | Vaults:4 | 35034 ||| FLEEEEING.
 35035 | Vaults:4 | 35035 ||| FLEEEEING.
 35036 | Vaults:4 | 35036 ||| FLEEEEING.
 35037 | Vaults:4 | 35037 ||| FLEEEEING.
 35038 | Vaults:4 | 35038 ||| FLEEEEING.
 35039 | Vaults:4 | 35039 ||| FLEEEEING.
 35040 | Vaults:4 | 35040 ||| FLEEEEING.
 35041 | Vaults:4 | 35041 ||| FLEEEEING.
 35042 | Vaults:4 | 35042 ||| FLEEEEING.
 35043 | Vaults:4 | 35043 ||| FLEEEEING.
 35044 | Vaults:4 | 35044 ||| FLEEEEING.
 35045 | Vaults:4 | 35045 ||| FLEEEEING.
 35046 | Vaults:4 | 35046 ||| FLEEEEING.
 35047 | Vaults:4 | 35047 ||| FLEEEEING.
 35048 | Vaults:4 | 35048 ||| FLEEEEING.
 35049 | Vaults:4 | 35049 ||| FLEEEEING.
 35050 | Vaults:4 | 35050 ||| FLEEEEING.
 35051 | Vaults:4 | 35051 ||| FLEEEEING.
 35052 | Vaults:4 | 35052 ||| FLEEEEING.
 35053 | Vaults:4 | 35053 ||| FLEEEEING.
 35054 | Vaults:4 | 35054 ||| FLEEEEING.
 35055 | Vaults:4 | 35055 ||| FLEEEEING.
 35056 | Vaults:4 | 35056 ||| FLEEEEING.
 35057 | Vaults:4 | 35057 ||| FLEEEEING.
 35063 | Vaults:4 | 35063 ||| FLEEEEING.
 35064 | Vaults:4 | 35064 ||| FLEEEEING.
 35065 | Vaults:4 | 35065 ||| FLEEEEING.
 35071 | Vaults:4 | 35071 ||| FLEEEEING.
 35072 | Vaults:4 | 35072 ||| FLEEEEING.
 35073 | Vaults:4 | 35073 ||| FLEEEEING.
 35075 | Vaults:4 | 35075 ||| FLEEEEING.
 35077 | Vaults:4 | 35077 ||| STAIRDANCE
 35275 | Vaults:4 | Identified the +6 great sword "Gijah" {heavy, rC+ Will-
                  | Str+2}
 35385 | Vaults:4 | Reached skill level 18 in Armour
 35632 | Vaults:4 | 35632 ||| Stepping ~*~*~tactically~*~*~ (hiding).
 35633 | Vaults:4 | 35633 ||| Stepping ~*~*~tactically~*~*~ (hiding).
 35638 | Vaults:4 | Noticed Jory
 35639 | Vaults:4 | 35639 ||| Stepping ~*~*~tactically~*~*~ (hiding).
 35643 | Vaults:4 | 35643 ||| Stepping ~*~*~tactically~*~*~ (hiding).
 35655 | Vaults:4 | Killed Jory
 35656 | Vaults:4 | 35656 ||| FLEEEEING.
 35657 | Vaults:4 | 35657 ||| FLEEEEING.
 35658 | Vaults:4 | 35658 ||| FLEEEEING.
 35659 | Vaults:4 | 35659 ||| FLEEEEING.
 35660 | Vaults:4 | 35660 ||| FLEEEEING.
 35661 | Vaults:4 | 35661 ||| FLEEEEING.
 35662 | Vaults:4 | 35662 ||| FLEEEEING.
 35663 | Vaults:4 | 35663 ||| FLEEEEING.
 35664 | Vaults:4 | 35664 ||| FLEEEEING.
 35665 | Vaults:4 | 35665 ||| FLEEEEING.
 35666 | Vaults:4 | 35666 ||| FLEEEEING.
 35667 | Vaults:4 | 35667 ||| FLEEEEING.
 35668 | Vaults:4 | 35668 ||| FLEEEEING.
 35669 | Vaults:4 | 35669 ||| FLEEEEING.
 35670 | Vaults:4 | 35670 ||| FLEEEEING.
 35671 | Vaults:4 | 35671 ||| FLEEEEING.
 35672 | Vaults:4 | 35672 ||| FLEEEEING.
 35673 | Vaults:4 | 35673 ||| FLEEEEING.
 35674 | Vaults:4 | 35674 ||| FLEEEEING.
 35675 | Vaults:4 | 35675 ||| FLEEEEING.
 35676 | Vaults:4 | 35676 ||| FLEEEEING.
 35677 | Vaults:4 | 35677 ||| FLEEEEING.
 35678 | Vaults:4 | 35678 ||| FLEEEEING.
 35679 | Vaults:4 | 35679 ||| FLEEEEING.
 35680 | Vaults:4 | 35680 ||| FLEEEEING.
 35681 | Vaults:4 | 35681 ||| FLEEEEING.
 35682 | Vaults:4 | 35682 ||| FLEEEEING.
 35683 | Vaults:4 | 35683 ||| FLEEEEING.
 35684 | Vaults:4 | 35684 ||| FLEEEEING.
 35686 | Vaults:4 | 35686 ||| FLEEEEING.
 35687 | Vaults:4 | 35687 ||| FLEEEEING.
 35688 | Vaults:4 | 35688 ||| FLEEEEING.
 35689 | Vaults:4 | 35689 ||| FLEEEEING.
 35690 | Vaults:4 | 35690 ||| FLEEEEING.
 35691 | Vaults:4 | 35691 ||| STAIRDANCE
 35887 | Vaults:4 | 35887 ||| PLANNING SNAKE:4
 36282 | Snake:4  | Entered Level 4 of the Snake Pit
 36612 | Snake:4  | 36612 ||| Stepping ~*~*~tactically~*~*~ (hiding).
 36631 | Snake:4  | Received a gift from Okawaru
 36649 | Snake:4  | Found Mipnekhe's Jewellery Boutique.
 36679 | Snake:4  | Found Couhur's Antique Weapon Emporium.
 36688 | Snake:4  | Found Xiacliceol's Distillery.
 36787 | Snake:4  | 36787 ||| BUYING potion of attraction (51 gold).
 36787 | Snake:4  | Bought a potion of attraction for 51 gold pieces
 36787 | Snake:4  | 36787 ||| BUYING potion of cancellation (136 gold).
 36787 | Snake:4  | Bought a potion of cancellation for 136 gold pieces
 36787 | Snake:4  | 36787 ||| BUYING potion of haste (170 gold).
 36787 | Snake:4  | Bought a potion of haste for 170 gold pieces
 36787 | Snake:4  | 36787 ||| BUYING potion of heal wounds (85 gold).
 36787 | Snake:4  | Bought a potion of heal wounds for 85 gold pieces
 36787 | Snake:4  | 36787 ||| BUYING potion of magic (136 gold).
 36787 | Snake:4  | Bought a potion of magic for 136 gold pieces
 36787 | Snake:4  | 36787 ||| BUYING potion of magic (136 gold).
 36787 | Snake:4  | Bought a potion of magic for 136 gold pieces
 36787 | Snake:4  | 36787 ||| BUYING potion of might (68 gold).
 36787 | Snake:4  | Bought a potion of might for 68 gold pieces
 36787 | Snake:4  | 36787 ||| BUYING potion of mutation (136 gold).
 36787 | Snake:4  | Bought a potion of mutation for 136 gold pieces
 36787 | Snake:4  | 36787 ||| SHOPLISTING potion of mutation (136 gold, have
                  | 41).
 36787 | Snake:4  | 36787 ||| SHOPLISTING potion of resistance (170 gold, have
                  | 41).
 36892 | Snake:4  | 36892 ||| Stepping ~*~*~tactically~*~*~ (hiding).
 36908 | Snake:4  | Received a gift from Okawaru
 36950 | Snake:4  | 36950 ||| Stepping ~*~*~tactically~*~*~ (stealth).
 36972 | Snake:4  | Reached ****** piety under Okawaru
 36977 | Snake:4  | Reached skill level 19 in Fighting
 36991 | Snake:4  | 36991 ||| Stepping ~*~*~tactically~*~*~ (stealth).
 37022 | Snake:4  | 37022 ||| INVOKING Heroism.
 37026 | Snake:4  | Received a gift from Okawaru
 37048 | Snake:4  | 37048 ||| FLEEEEING.
 37069 | Snake:4  | 37069 ||| INVOKING Heroism.
 37242 | Snake:4  | 37242 ||| DROPPING +2 antimagic broad axe.
 37276 | Snake:4  | Got a serpentine rune of Zot
 37355 | Snake:4  | Found Pygebb's Distillery.
 37358 | Snake:4  | 37358 ||| BUYING potion of attraction (54 gold).
 37358 | Snake:4  | Bought a potion of attraction for 54 gold pieces
 37358 | Snake:4  | 37358 ||| SHOPLISTING potion of curing (54 gold, have 35).
 37358 | Snake:4  | 37358 ||| SHOPLISTING potion of enlightenment (90 gold,
                  | have 35).
 37358 | Snake:4  | 37358 ||| SHOPLISTING potion of mutation (144 gold, have
                  | 35).
 37529 | Snake:4  | 37529 ||| PLANNING DEPTHS
 37851 | Depths:1 | Entered Level 1 of the Depths
 37935 | Depths:1 | 37935 ||| FLEEEEING.
 37936 | Depths:1 | 37936 ||| FLEEEEING.
 37937 | Depths:1 | 37937 ||| FLEEEEING.
 37938 | Depths:1 | 37938 ||| FLEEEEING.
 37948 | Depths:1 | 37948 ||| INVOKING Heroism.
 38099 | Depths:1 | 38099 ||| INVOKING Heroism.
 38100 | Depths:1 | 38100 ||| INVOKING Finesse.
 38201 | Depths:1 | Found a one-way gateway to a ziggurat.
 38241 | Depths:1 | Found a gateway to Hell.
 38433 | Depths:1 | Found a hide-covered altar of Uskayaw.
 38956 | Depths:1 | 38956 ||| UPGRADING to amulet of faith.
 38966 | Depths:1 | 38966 ||| DROPPING +6 ring of dexterity.
 39088 | Depths:2 | Reached XP level 22. HP: 112/149 MP: 29/29
 39089 | Depths:2 | 39089 ||| INVOKING Heroism.
 39093 | Depths:2 | Noticed Nikola
 39103 | Depths:2 | HP: 26/149 [Nikola/arc of chain lightning (46)]
 39104 | Depths:2 | 39104 ||| READING 17 scrolls of teleportation.
 39105 | Depths:2 | 39105 ||| DRINKING 7 potions of heal wounds.
 39106 | Depths:2 | 39106 ||| DRINKING 6 potions of heal wounds.
 39108 | Depths:2 | Received a gift from Okawaru
 39109 | Depths:2 | HP: 36/149 [spark wasp (3)]
 39110 | Depths:2 | 39110 ||| READING 16 scrolls of teleportation.
 39111 | Depths:2 | 39111 ||| DRINKING 5 potions of heal wounds.
 39116 | Depths:2 | HP: 29/149 [sphinx/divine providence (12)]
 39117 | Depths:2 | 39117 ||| READING 15 scrolls of teleportation.
 39118 | Depths:2 | 39118 ||| DRINKING 4 potions of heal wounds.
 39120 | Depths:2 | 39120 ||| DRINKING 3 potions of heal wounds.
 39122 | Depths:2 | 39122 ||| Stepping ~*~*~tactically~*~*~ (stealth).
 39137 | Depths:2 | 39137 ||| INVOKING Heroism.
 39144 | Depths:2 | 39144 ||| Stepping ~*~*~tactically~*~*~ (stealth).
 39297 | Depths:2 | 39297 ||| Stepping ~*~*~tactically~*~*~ (stealth).
 39341 | Depths:2 | Found a one-way gate to the infinite horrors of the Abyss.
 39378 | Depths:2 | Paralysed by a vampire knight for 4 turns
 39393 | Depths:2 | 39393 ||| INVOKING Heroism.
 39394 | Depths:2 | 39394 ||| INVOKING Finesse.
 39486 | Depths:2 | 39486 ||| Stepping ~*~*~tactically~*~*~ (stealth).
 39488 | Depths:2 | Found a one-way gate leading to the halls of Pandemonium.
 39495 | Depths:2 | 39495 ||| INVOKING Heroism.
 39657 | Depths:2 | 39657 ||| Stepping ~*~*~tactically~*~*~ (hiding).
 39673 | Depths:2 | Noticed Bai Suzhen
 39685 | Depths:2 | Killed Bai Suzhen
 39689 | Depths:2 | 39689 ||| INVOKING Heroism.
 39690 | Depths:2 | 39690 ||| INVOKING Finesse.
 39693 | Depths:2 | 39693 ||| Stepping ~*~*~tactically~*~*~ (hiding).
 39699 | Depths:2 | Received a gift from Okawaru
 39701 | Depths:2 | HP: 34/150 [sphinx/divine providence (17)]
 39702 | Depths:2 | 39702 ||| READING 14 scrolls of teleportation.
 39703 | Depths:2 | 39703 ||| DRINKING 4 potions of heal wounds.
 39717 | Depths:2 | HP: 32/149 [ettin/+1 dire flail of protection (13)]
 39718 | Depths:2 | 39718 ||| READING 13 scrolls of teleportation.
 39719 | Depths:2 | 39719 ||| DRINKING 3 potions of heal wounds.
 39721 | Depths:2 | Identified the +3 chain mail of Responsibility {Contam rF+
                  | Str+7}
 39722 | Depths:2 | 39722 ||| INVOKING Finesse.
 39722 | Depths:2 | Identified the +4 chain mail "Usojurorr" {Rampage Stlth+}
 39737 | Depths:2 | Received a gift from Okawaru
 39741 | Depths:2 | Reached skill level 20 in Fighting
 39971 | Depths:2 | Noticed a golden dragon
 39972 | Depths:2 | 39972 ||| INVOKING Heroism.
 39973 | Depths:2 | 39973 ||| INVOKING Finesse.
 39984 | Depths:2 | Killed a golden dragon
 40032 | Depths:2 | Noticed a caustic shrike
 40033 | Depths:2 | 40033 ||| INVOKING Heroism.
 40034 | Depths:2 | 40034 ||| INVOKING Finesse.
 40040 | Depths:2 | Killed a caustic shrike
 40041 | Depths:2 | 40041 ||| Stepping ~*~*~tactically~*~*~ (hiding).
 40042 | Depths:2 | 40042 ||| Stepping ~*~*~tactically~*~*~ (hiding).
 40069 | Depths:2 | 40069 ||| Stepping ~*~*~tactically~*~*~ (stealth).
 40071 | Depths:2 | 40071 ||| Stepping ~*~*~tactically~*~*~ (stealth).
 40079 | Depths:2 | 40079 ||| Stepping ~*~*~tactically~*~*~ (stealth).
 40147 | Depths:2 | 40147 ||| Stepping ~*~*~tactically~*~*~ (hiding).
 40148 | Depths:2 | 40148 ||| Stepping ~*~*~tactically~*~*~ (hiding).
 40236 | Depths:2 | Noticed a caustic shrike
 40237 | Depths:2 | 40237 ||| Stepping ~*~*~tactically~*~*~ (stealth).
 40238 | Depths:2 | Noticed a caustic shrike
 40239 | Depths:2 | 40239 ||| Stepping ~*~*~tactically~*~*~ (stealth).
 40240 | Depths:2 | Noticed a caustic shrike
 40241 | Depths:2 | 40241 ||| INVOKING Heroism.
 40241 | Depths:2 | Noticed a caustic shrike
 40242 | Depths:2 | 40242 ||| Stepping ~*~*~tactically~*~*~ (stealth).
 40246 | Depths:2 | 40246 ||| INVOKING Finesse.
 40249 | Depths:2 | Killed a caustic shrike
 40249 | Depths:2 | Noticed a caustic shrike
 40254 | Depths:2 | Killed a caustic shrike
 40256 | Depths:2 | Killed a caustic shrike
 40260 | Depths:2 | Killed a caustic shrike
 40269 | Depths:2 | Killed a caustic shrike
 40304 | Depths:2 | 40304 ||| Stepping ~*~*~tactically~*~*~ (hiding).
 40323 | Depths:2 | Killed Nikola
 40335 | Depths:2 | 40335 ||| FLEEEEING.
 40336 | Depths:2 | 40336 ||| FLEEEEING.
 40337 | Depths:2 | 40337 ||| FLEEEEING.
 40338 | Depths:2 | 40338 ||| FLEEEEING.
 40339 | Depths:2 | 40339 ||| FLEEEEING.
 40340 | Depths:2 | 40340 ||| FLEEEEING.
 40341 | Depths:2 | 40341 ||| FLEEEEING.
 40342 | Depths:2 | 40342 ||| FLEEEEING.
 40343 | Depths:2 | 40343 ||| FLEEEEING.
 40344 | Depths:2 | 40344 ||| FLEEEEING.
 40350 | Depths:2 | 40350 ||| Stepping ~*~*~tactically~*~*~ (hiding).
 40492 | Depths:2 | 40492 ||| Stepping ~*~*~tactically~*~*~ (stealth).
 40495 | Depths:2 | 40495 ||| FLEEEEING.
 40496 | Depths:2 | 40496 ||| FLEEEEING.
 40498 | Depths:2 | 40498 ||| FLEEEEING.
 40500 | Depths:2 | 40500 ||| FLEEEEING.
 40501 | Depths:2 | 40501 ||| FLEEEEING.
 40506 | Depths:2 | 40506 ||| FLEEEEING.
 40507 | Depths:2 | 40507 ||| FLEEEEING.
 40508 | Depths:2 | 40508 ||| FLEEEEING.
 40509 | Depths:2 | 40509 ||| FLEEEEING.
 40510 | Depths:2 | 40510 ||| FLEEEEING.
 40512 | Depths:2 | 40512 ||| FLEEEEING.
 40623 | Depths:2 | Found a runed translucent gate.
 40623 | Depths:2 | Found a runed translucent gate.
 40623 | Depths:2 | Found a runed translucent gate.
 40624 | Depths:2 | Noticed qw's ghost (veteran GrFi)
 40625 | Depths:2 | Noticed qw's ghost (adept MiHs)
 40653 | Depths:2 | 40653 ||| Stepping ~*~*~tactically~*~*~ (hiding).
 40656 | Depths:2 | 40656 ||| INVOKING Heroism.
 40657 | Depths:2 | 40657 ||| INVOKING Finesse.
 41001 | Depths:3 | 41001 ||| INVOKING Heroism.
 41002 | Depths:3 | 41002 ||| INVOKING Finesse.
 41145 | Depths:3 | 41145 ||| INVOKING Heroism.
 41146 | Depths:3 | 41146 ||| INVOKING Finesse.
 41159 | Depths:3 | 41159 ||| Stepping ~*~*~tactically~*~*~ (hiding).
 41161 | Depths:3 | 41161 ||| Stepping ~*~*~tactically~*~*~ (hiding).
 41163 | Depths:3 | 41163 ||| Stepping ~*~*~tactically~*~*~ (hiding).
 41164 | Depths:3 | 41164 ||| Stepping ~*~*~tactically~*~*~ (hiding).
 41187 | Depths:3 | 41187 ||| Stepping ~*~*~tactically~*~*~ (stealth).
 41224 | Depths:3 | 41224 ||| Stepping ~*~*~tactically~*~*~ (stealth).
 41243 | Depths:3 | 41243 ||| Stepping ~*~*~tactically~*~*~ (hiding).
 41260 | Depths:3 | 41260 ||| Stepping ~*~*~tactically~*~*~ (stealth).
 41261 | Depths:3 | 41261 ||| Stepping ~*~*~tactically~*~*~ (stealth).
 41271 | Depths:3 | 41271 ||| INVOKING Heroism.
 41272 | Depths:3 | 41272 ||| INVOKING Finesse.
 41399 | Depths:3 | 41399 ||| Stepping ~*~*~tactically~*~*~ (hiding).
 41402 | Depths:3 | 41402 ||| INVOKING Finesse.
 41406 | Depths:3 | 41406 ||| INVOKING Heroism.
 41414 | Depths:3 | Reached skill level 21 in Shields
 41451 | Depths:3 | Received a gift from Okawaru
 41686 | Depths:3 | Paralysed by something for 5 turns
 41712 | Depths:3 | 41712 ||| INVOKING Heroism.
 41741 | Depths:3 | Reached XP level 23. HP: 153/158 MP: 30/30
 41834 | Depths:3 | Identified the +4 trident "Nomeutut" {distort, *Rage rC+
                  | Will+}
 41942 | Depths:3 | 41942 ||| Stepping ~*~*~tactically~*~*~ (hiding).
 41952 | Depths:3 | Received a gift from Okawaru
 42174 | Depths:3 | 42174 ||| INVOKING Heroism.
 42194 | Depths:3 | HP: 29/155 [shadow dragon/bolt of negative energy (14)]
 42195 | Depths:3 | 42195 ||| READING 12 scrolls of teleportation.
 42196 | Depths:3 | 42196 ||| DRINKING 2 potions of heal wounds.
 42497 | Depths:4 | Entered Level 4 of the Depths
 42506 | Depths:4 | Noticed a caustic shrike
 42506 | Depths:4 | Noticed a caustic shrike
 42507 | Depths:4 | 42507 ||| INVOKING Heroism.
 42508 | Depths:4 | 42508 ||| INVOKING Finesse.
 42508 | Depths:4 | Noticed a caustic shrike
 42508 | Depths:4 | Noticed a caustic shrike
 42512 | Depths:4 | Killed a caustic shrike
 42512 | Depths:4 | Noticed a caustic shrike
 42513 | Depths:4 | Reached skill level 21 in Fighting
 42518 | Depths:4 | Received a gift from Okawaru
 42522 | Depths:4 | Killed a caustic shrike
 42523 | Depths:4 | Killed a caustic shrike
 42528 | Depths:4 | Killed a caustic shrike
 42532 | Depths:4 | Killed a caustic shrike
 42621 | Depths:4 | 42621 ||| INVOKING Heroism.
 42629 | Depths:4 | 42629 ||| Stepping ~*~*~tactically~*~*~ (hiding).
 42630 | Depths:4 | 42630 ||| Stepping ~*~*~tactically~*~*~ (hiding).
 42631 | Depths:4 | 42631 ||| Stepping ~*~*~tactically~*~*~ (hiding).
 42635 | Depths:4 | Received a gift from Okawaru
 42711 | Depths:4 | 42711 ||| Stepping ~*~*~tactically~*~*~ (hiding).
 42712 | Depths:4 | 42712 ||| Stepping ~*~*~tactically~*~*~ (hiding).
 42713 | Depths:4 | 42713 ||| Stepping ~*~*~tactically~*~*~ (hiding).
 42859 | Depths:4 | Noticed a golden dragon
 42862 | Depths:4 | 42862 ||| Stepping ~*~*~tactically~*~*~ (hiding).
 43075 | Depths:4 | 43075 ||| FLEEEEING.
 43076 | Depths:4 | 43076 ||| FLEEEEING.
 43081 | Depths:4 | 43081 ||| FLEEEEING.
 43083 | Depths:4 | 43083 ||| FLEEEEING.
 43084 | Depths:4 | 43084 ||| FLEEEEING.
 43085 | Depths:4 | 43085 ||| FLEEEEING.
 43086 | Depths:4 | 43086 ||| FLEEEEING.
 43087 | Depths:4 | 43087 ||| FLEEEEING.
 43088 | Depths:4 | 43088 ||| FLEEEEING.
 43089 | Depths:4 | 43089 ||| FLEEEEING.
 43090 | Depths:4 | 43090 ||| FLEEEEING.
 43091 | Depths:4 | 43091 ||| FLEEEEING.
 43092 | Depths:4 | 43092 ||| FLEEEEING.
 43097 | Depths:4 | 43097 ||| Stepping ~*~*~tactically~*~*~ (hiding).
 43099 | Depths:4 | 43099 ||| Stepping ~*~*~tactically~*~*~ (hiding).
 43219 | Depths:4 | 43219 ||| INVOKING Heroism.
 43220 | Depths:4 | 43220 ||| INVOKING Finesse.
 43403 | Depths:4 | 43403 ||| Stepping ~*~*~tactically~*~*~ (stealth).
 43403 | Depths:4 | Noticed a golden dragon
 43404 | Depths:4 | 43404 ||| INVOKING Heroism.
 43406 | Depths:4 | 43406 ||| Stepping ~*~*~tactically~*~*~ (cloud).
 43413 | Depths:4 | Killed a golden dragon
 43423 | Depths:4 | Reached skill level 21 in Armour
 43424 | Depths:4 | Received a gift from Okawaru
 43530 | Depths:4 | 43530 ||| Stepping ~*~*~tactically~*~*~ (hiding).
 43531 | Depths:4 | 43531 ||| Stepping ~*~*~tactically~*~*~ (hiding).
 43534 | Depths:4 | 43534 ||| Stepping ~*~*~tactically~*~*~ (hiding).
 43544 | Depths:4 | 43544 ||| INVOKING Heroism.
 43547 | Depths:4 | 43547 ||| INVOKING Finesse.
 43561 | Depths:4 | 43561 ||| Stepping ~*~*~tactically~*~*~ (hiding).
 43580 | Depths:4 | 43580 ||| Stepping ~*~*~tactically~*~*~ (stealth).
 43597 | Depths:4 | 43597 ||| Stepping ~*~*~tactically~*~*~ (hiding).
 43600 | Depths:4 | 43600 ||| Stepping ~*~*~tactically~*~*~ (hiding).
 43601 | Depths:4 | 43601 ||| Stepping ~*~*~tactically~*~*~ (hiding).
 43602 | Depths:4 | 43602 ||| Stepping ~*~*~tactically~*~*~ (hiding).
 43643 | Depths:4 | Found a runed translucent door.
 43654 | Depths:4 | Received a gift from Okawaru
 43689 | Depths:4 | 43689 ||| Stepping ~*~*~tactically~*~*~ (stealth).
 43690 | Depths:4 | 43690 ||| INVOKING Heroism.
 43733 | Depths:4 | Found a runed translucent door.
 43737 | Depths:4 | Found a runed translucent door.
 43737 | Depths:4 | Found a runed translucent door.
 43752 | Depths:4 | 43752 ||| Stepping ~*~*~tactically~*~*~ (stealth).
 43753 | Depths:4 | 43753 ||| INVOKING Heroism.
 43819 | Depths:4 | 43819 ||| INVOKING Heroism.
 44015 | Depths:4 | Found a runed translucent door.
 44022 | Depths:4 | Found a runed translucent door.
 44317 | Depths:4 | Found a gate to the Realm of Zot.
 44324 | Depths:4 | 44324 ||| INVOKING Heroism.
 44331 | Depths:4 | 44331 ||| Stepping ~*~*~tactically~*~*~ (hiding).
 44455 | Depths:4 | 44455 ||| INVOKING Heroism.
 44460 | Depths:4 | Killed a golden dragon
 44460 | Depths:4 | Received a gift from Okawaru
 44461 | Depths:4 | Reached skill level 22 in Fighting
 44713 | Depths:4 | 44713 ||| PLANNING VAULTS:5
 44928 | Vaults:5 | Entered Level 5 of the Vaults
 44930 | Vaults:5 | 44930 ||| INVOKING Heroism.
 44934 | Vaults:5 | Noticed a golden dragon
 44939 | Vaults:5 | Received a gift from Okawaru
 44947 | Vaults:5 | 44947 ||| INVOKING Finesse.
 44949 | Vaults:5 | Killed a golden dragon
 44950 | Vaults:5 | Reached skill level 9 in Dodging
 44958 | Vaults:5 | Noticed a golden dragon
 44960 | Vaults:5 | Received a gift from Okawaru
 44966 | Vaults:5 | HP: 32/162 [golden dragon/bolt of cold (56)]
 44967 | Vaults:5 | 44967 ||| READING 13 scrolls of teleportation.
 44968 | Vaults:5 | 44968 ||| DRINKING 2 potions of heal wounds.
 44969 | Vaults:5 | 44969 ||| DRINKING potion of heal wounds.
 44971 | Vaults:5 | Noticed a golden dragon
 44974 | Vaults:5 | HP: 18/162 [golden dragon/bolt of cold (48)]
 44975 | Vaults:5 | 44975 ||| READING 12 scrolls of teleportation.
 44980 | Vaults:5 | 44980 ||| READING 11 scrolls of teleportation.
 44982 | Vaults:5 | Killed from afar by a hell knight

Levels and vault maps discovered:
D:1:      co_arrival_square_in_a_square_in_a_square, layout_rooms
D:2:      layout_loops_ring, basic_altar, uniq_jessica
D:3:      layout_basic, xom_redecorated, nicolae_sif_muna_condensation,
          cheibrodos_sewer_entry_sluice
D:4:      layout_cave_pods, mainiacjoe_overflow_24_doors, serial_park,
          serial_park_square3 [serial_park_minivault_5x5_2],
          serial_park_square2, serial_park_tiny_pond, serial_park_tiny_1,
          gup_ossuary_entry_pyramid, serial_shops, shop
D:5:      layout_loops_ring, old_standard_altar, minmay_temple_entry_slanted
D:6:      layout_basic, nicolae_hepliaklqana_hazy_memory
D:7:      layout_cave_pools, gammafunk_temple_overflow_wave
D:8:      layout_cave_pools
D:9:      layout_cave_pools, mainiacjoe_overflow_brackets, lair_entry_dummy,
          st_stairs_2, uniq_maurice
D:10:     layout_irregular_city, nicolae_doodle_vault
D:11:     layout_roguey, hiddenorc2_lemuel, uniq_harold
D:12:     minmay_twisted_water, layout_basic, portal_ice_cave_entry_pillars_2,
          amcnicky_mini_pool_small, nemelex_lonely_heart_becter
D:13:     layout_loops_ring, minivault_13
D:14:     minmay_elf_outpost, layout_gridville,
          lightli_vaults_fourway_checkpoint,
          nicolae_gozag_cash_rules_everything_around_me, serial_shops, shop
D:15:     grunt_enter_depths_snipers, layout_irregular_city, bh_walls_and_bars,
          uniq_agnes
Temple:   dpeg_chambers_temple
Lair:1:   layout_cave_pods, basic_altar, serial_bayou_lagoon_b
Lair:2:   layout_gridlike, elwin_shoals_entry_rooms
Lair:3:   layout_cave_pods, nicolae_snake_entry_squirm, lemuel_fruit_fields,
          infiniplex_staircase_pool_2, lemuel_fruit_tree, uniq_josephine,
          uniq_fannar
Lair:4:   layout_regular_city, dpeg_slime_entry_enclosed,
          ebering_ghost_reflecting_pool, chequers_serial_rivers_large_b
Lair:5:   gammafunk_lair_ancient_temple, layout_regular_city,
          serial_bayou_shore_a
Shoals:1: layout_shoals
Shoals:2: layout_shoals
Shoals:3: layout_shoals
Shoals:4: shoals_end_grunt_ice, layout_shoals, nicolae_shoals_shepherds
Snake:1:  layout_rooms, serial_bayou_shore_b
Snake:2:  layout_layer_cave, hangedman_snake_thin_pillar_pass,
          nicolae_snake_the_dead_are_slithering
Snake:3:  layout_cave_pods, gammafunk_ghost_arena, minmay_shop_star,
          uniq_azrael, uniq_saint_roka
Snake:4:  grunt_snake_rune_serpentine_throne, layout_layer_cave, serial_shops,
          nicolae_shop_gaudy_bauble, shop, nicolae_shop_window_shopping,
          nicolae_shop_tiny_real_fake_doors, nicolae_snake_lava_pool,
          grunt_megastairs_4
Orc:1:    cheibrodos_orc_arena, layout_diamond_mine, uniq_nergalle
Orc:2:    grunt_orc_cross, layout_caves, basic_altar, serial_shops,
          nicolae_shop_competitors_out_of_business, nicolae_shop_hallway_plus,
          shop_fountains, nicolae_specific_store, uniq_snorg, uniq_jorgrun
Vaults:1: nicolae_vaults_big_ls, v_alt_pattern_1, ontoclasm_vaults_shuriken,
          nicolae_vaults_network_quincunx
          [nicolae_vaults_network_quincunx_subvault,
          nicolae_vaults_network_quincunx_subvault,
          nicolae_vaults_network_quincunx_subvault,
          nicolae_vaults_network_quincunx_subvault,
          nicolae_vaults_network_quincunx_subvault], hangedman_vaults_pinch,
          vaults_room_door_ring, nicolae_vaults_house_1,
          nicolae_vaults_storage_closets_2, nicolae_vaults_trapezoid_lopsided_2,
          nicolae_vaults_offset_grid_hallway_4,
          nicolae_vaults_shrinking_rooms_2, v_alt_pattern_6, vaults_room_pool,
          layout_vaults_maze_snakey
Vaults:2: nicolae_vaults_triangles, nicolae_vaults_offset_grid_hallway_2,
          nicolae_vaults_more_shelving_2, vaults_standard_mumra_x, v_misc_33,
          nicolae_vaults_offset_grid_hallway_4, vaults_room_fancy_cross,
          nicolae_vaults_trapezoid_1, nicolae_vaults_wine_cellar,
          nicolae_vaults_ninety_degrees, nicolae_vaults_circle_grid_b,
          nicolae_vaults_trapezoid_1, nicolae_vaults_trapezoid_lopsided_3,
          layout_vaults_omnibox
Vaults:3: nicolae_vaults_two_Ls, st_spiral_rooms, hangedman_vaults_trim,
          nicolae_vaults_frosty_reception, ontoclasm_vaults_eye,
          nicolae_vaults_tetromino_T_2, nicolae_vaults_house_2,
          vaults_dpeg_hooks, layout_vaults_omnigrid,
          minmay_crypt_entry_skeletal_spiral
Vaults:4: hangedman_vaults_nails, hangedman_vaults_trim, v_misc_22,
          nicolae_vaults_tetromino_T_1, nicolae_vaults_theta, v_alt_pattern_3,
          vaults_room_door_ring, nicolae_vaults_storage_closets_3,
          nicolae_vaults_rhombus_6, v_misc_3, nicolae_vaults_tetromino_T_2,
          st_lattice, nicolae_vaults_tetromino_Z_1, layout_vaults_omnicross,
          serial_shops, bzr_entry_gold, uniq_jory
Vaults:5: serial_shops, uniq_xtahua
Depths:1: layout_cave_shapes, enter_ziggurat_e, hangedman_tar_grid_catacomb,
          chequers_serial_rivers_small_a, nicolae_uskayaw_en_pointe
Depths:2: minmay_the_grid_square_5x5_3x3
          [minmay_the_grid_square_5x5_half_checkered,
          minmay_the_grid_square_5x5_hollow_slash,
          minmay_the_grid_square_5x5_minimal,
          minmay_the_grid_square_5x5_two_walls_a,
          minmay_the_grid_square_5x5_megaprize_diamond,
          minmay_the_grid_square_5x5_eight,
          minmay_the_grid_square_5x5_spiral_small,
          minmay_the_grid_square_5x5_sharp_hourglass,
          minmay_the_grid_square_5x5_inverted_slash], layout_gridlike,
          hell_entry, hangedman_abyss_entry_splay, gammafunk_ghost_cemetery,
          grunt_pan_entry_spiral, uniq_nikola, uniq_bai_suzhen
Depths:3: minmay_inside_and_out, layout_gridlike, hell_entry,
          abyss_entry_crystal, minmay_misc_feat_pillars
Depths:4: evilmike_zot_entry_castle, layout_small_grid, abyss_entry,
          nicolae_figureground_pulse, hell_entry

Skill      XL: |  1  2  3  4  5  6  7  8  9 10 11 12 13 14 15 16 17 18 19 20 21 22 23 |
---------------+----------------------------------------------------------------------+-----
Axes           | 2 3 4 5 6 7 9 10 11 12 14 15 17 18 | 18.0
Shields        | 4 5 7 8 9 10 12 13 14 16 17 18 19 20 21 | 21.5
Fighting       | 4 6 7 8 10 11 12 14 15 16 18 19 20 22 | 22.0
Invocations    | 3 4 8 10 | 10.0
Dodging        | 1 2 3 4 5 6 7 8 9 |  9.1
Throwing       | 2 3 4 6 8 9 10 11 | 11.0
Armour         | 4 5 7 8 10 12 14 16 17 19 20 21 | 21.0

Action                     |  1- 3 |  4- 6 |  7- 9 | 10-12 | 13-15 | 16-18 | 19-21 | 22-24 || total
---------------------------+-------+-------+-------+-------+-------+-------+-------+-------++-------
  Melee: War axe           |    64 |   175 |    97 |       |       |       |       |       ||   336
         Broad axe         |       |       |   186 |   235 |   718 |   857 |   872 |   580 ||  3448
         Flail             |       |       |       |       |     5 |    11 |       |       ||    16
  Throw: Boomerang         |       |       |    30 |     1 |   172 |    40 |    80 |    16 ||   339
         Javelin           |       |       |     5 |    49 |    58 |    45 |   167 |    60 ||   384
 Invoke: Heroism           |       |       |     6 |    14 |    18 |    33 |    14 |    26 ||   111
         Finesse           |       |       |       |     1 |     7 |     4 |     4 |    15 ||    31
    Use: Scroll            |     2 |    10 |    14 |     5 |     6 |     4 |       |     9 ||    50
         Potion            |       |     2 |     5 |     1 |     3 |     1 |       |    10 ||    22
   Stab: Petrified         |       |       |       |       |     8 |       |       |       ||     8
         Distracted        |       |       |       |       |       |       |     2 |       ||     2
 Armour: Scale mail        |    30 |    75 |       |       |       |       |       |       ||   105
         Chain mail        |       |    33 |   150 |   114 |   139 |       |       |       ||   436
         Plate armour      |       |       |       |    18 |   210 |   469 |   318 |   309 ||  1324
  Dodge: Dodged            |    33 |    54 |    75 |    88 |   165 |   226 |   163 |   159 ||   963
  Block: Buckler           |     9 |     2 |       |       |       |       |       |       ||    11
         Tower shield      |       |   144 |   336 |   335 |   791 |  1354 |  1094 |   621 ||  4675
         Reflection        |       |       |       |       |       |   168 |   125 |       ||   293

Table legend:
 A = Non-vault XP
 B = Vault XP
 C = Vault XP percentage of total XP
 D = Non-vault monster count
 E = Vault monster count
 F = Vault count percentage of total count
                 A         B        C        D         E       F
            +---------+---------+-------+---------+---------+-------
      Total |  499948 |  323289 |  39.3 |    1107 |     577 |  34.3
            +---------+---------+-------+---------+---------+-------
        D:1 |      11 |       0 |   0.0 |       6 |       0 |   0.0
        D:2 |      40 |      37 |  48.1 |      16 |       1 |   5.9
        D:3 |     147 |       3 |   2.0 |      20 |       3 |  13.0
        D:4 |     435 |      24 |   5.2 |      20 |       4 |  16.7
        D:5 |     679 |       0 |   0.0 |      11 |       0 |   0.0
        D:6 |     969 |       0 |   0.0 |      16 |       0 |   0.0
        D:7 |     788 |       0 |   0.0 |      11 |       0 |   0.0
        D:8 |    2870 |       0 |   0.0 |      32 |       0 |   0.0
        D:9 |    1768 |    1288 |  42.1 |      14 |       2 |  12.5
       D:10 |    3395 |    5655 |  62.5 |      22 |      14 |  38.9
       D:11 |    2378 |    1390 |  36.9 |      13 |      33 |  71.7
       D:12 |    6410 |    4452 |  41.0 |      28 |      17 |  37.8
       D:13 |    2704 |     603 |  18.2 |       7 |       1 |  12.5
       D:14 |   11307 |   20644 |  64.6 |      34 |      32 |  48.5
       D:15 |   13894 |    4175 |  23.1 |      25 |       4 |  13.8
     Lair:1 |   12023 |       0 |   0.0 |      42 |       0 |   0.0
     Lair:2 |    6411 |     466 |   6.8 |      27 |       1 |   3.6
     Lair:3 |   15188 |    3143 |  17.1 |      52 |       9 |  14.8
     Lair:4 |    4834 |       0 |   0.0 |      21 |       0 |   0.0
     Lair:5 |   18052 |    8996 |  33.3 |      50 |      21 |  29.6
   Shoals:1 |   16422 |       0 |   0.0 |      28 |       0 |   0.0
   Shoals:2 |    4024 |       0 |   0.0 |      10 |       0 |   0.0
   Shoals:3 |   19810 |       0 |   0.0 |      36 |       0 |   0.0
   Shoals:4 |   17038 |   25651 |  60.1 |      35 |      46 |  56.8
    Snake:1 |   25008 |       0 |   0.0 |      46 |       0 |   0.0
    Snake:2 |   16258 |    5194 |  24.2 |      32 |      20 |  38.5
    Snake:3 |   21916 |    5443 |  19.9 |      48 |      19 |  28.4
    Snake:4 |   23099 |   30501 |  56.9 |      42 |      46 |  52.3
      Orc:1 |    1110 |    2757 |  71.3 |      11 |      17 |  60.7
      Orc:2 |    5129 |    9844 |  65.7 |      38 |      41 |  51.9
   Vaults:1 |   31922 |   21547 |  40.3 |      41 |      26 |  38.8
   Vaults:2 |   19107 |   19073 |  50.0 |      29 |      22 |  43.1
   Vaults:3 |   36652 |   22589 |  38.1 |      58 |      33 |  36.3
   Vaults:4 |   27557 |   10508 |  27.6 |      45 |      13 |  22.4
   Vaults:5 |    3695 |   34549 |  90.3 |       5 |      37 |  88.1
   Depths:1 |   11838 |       0 |   0.0 |      16 |       0 |   0.0
   Depths:2 |   48204 |   34502 |  41.7 |      53 |      29 |  35.4
   Depths:3 |   39755 |   12067 |  23.3 |      46 |      10 |  17.9
   Depths:4 |   27101 |   37918 |  58.3 |      21 |      32 |  60.4
      Sewer |       0 |     270 | 100.0 |       0 |      44 | 100.0
            +---------+---------+-------+---------+---------+-------
